 Dungeon Crawl Stone Soup version 0.30-a0-161-gdd60e06945 (webtiles) character file.

Game seed: 10581604262316728246

672481 qw the Slayer (level 27, -8/169 HPs)
             Began as a Gargoyle Fighter on Sept 27, 2022.
             Was the Champion of the Shining One.
             Killed from afar by a hellion (19 damage)
             ... with damnation
             ... in Pandemonium.
             The game lasted 00:37:10 (67854 turns).

qw the Slayer (Gargoyle Fighter)                   Turns: 67854, Time: 00:37:10

Health: -8/169     AC: 79    Str: 39    XL:     27
Magic:  29/36      EV: 12    Int: 10    God:    the Shining One [******]
Gold:   6948       SH: 27    Dex: 14    Spells: 26/26 levels left

rFire   + . .      SeeInvis .    B - +9 broad axe (holy)
rCold   + + +      Faith    .    K - +0 tower shield {reflect}
rNeg    + + +      Spirit   .    m - +14 crystal plate armour of Analysis {rC++ Slay+3}
rPois   inf        Reflect  +    a - +2 helmet
rElec   +          Harm     .    y - +2 cloak {rCorr}
rCorr   +          Rampage  .    l - +2 pair of gloves
Will    ++++.                    L - +0 pair of boots "Sududur" {rF+}
Stlth   ..........               O - amulet of reflection
HPRegen 0.38/turn                G - ring "Kelluitat" {Will++ Str+6}
MPRegen 0.25/turn                x - ring of Kige {Wiz rC+ Dex+5 Slay+2}

@: about to teleport, flying, glowing, bezotted
A: sickness immunity, AC +20, big wings, negative energy resistance 1,
electricity resistance, torment resistance 1, petrification resistance,
iridescent scales 1, low MP 1
}: 4/15 runes: decaying, serpentine, silver, golden
a: Renounce Religion, Divine Shield, Cleansing Flame, Summon Divine Warrior


You were in Pandemonium.
You worshipped the Shining One.
The Shining One was exalted by your worship.
You visited 11 branches of the dungeon, and saw 50 of its levels.
You visited Pandemonium 1 time, and saw 1 of its levels.
You visited the Abyss 3 times.
You also visited: Gauntlet.

You collected 10709 gold pieces.
You spent 3761 gold pieces at shops.


Innate Abilities, Weirdness & Mutations

You are immune to sickness and miasma.
Your stone body is resilient. (AC +20)
You are immune to poison.
Your large and strong wings let you fly.
You resist negative energy. (rN+)
You are resistant to electric shocks. (rElec)
You are resistant to unholy torment.
You are immune to petrification.
You are partially covered in iridescent scales. (AC +2)
Your magical capacity is low. (-10% MP)


   Skills:
 - Level 26.6 Fighting
 - Level 18.0 Axes
 - Level 15.0 Throwing
 - Level 23.0 Armour
 - Level 10.0 Dodging
 - Level 22.0 Shields
 + Level 26.4 Invocations


You had 26 spell levels left.
You didn't know any spells.
Your spell library was empty.

Inventory:

Hand Weapons
 B - a +9 broad axe of holy wrath (weapon)
 E - the +9 broad axe "Apnankuga" {flame, rPois rC- rN+ Str+2}
   (You acquired it on level 11 of the Dungeon)

   It burns those it strikes, dealing additional fire damage.
   Big, fiery blades are also staple armaments of hydra-hunters.
   Str:       It affects your strength (+2).
   rC:        It makes you vulnerable to cold.
   rPois:     It protects you from poison.
   rN:        It protects you from negative energy.
Missiles
 w - a silver boomerang (quivered)
 A - 36 boomerangs
 F - 3 boomerangs of dispersal
Armour
 a - a +2 helmet (worn)
 l - a +2 pair of gloves (worn)
 m - the +14 crystal plate armour of Analysis (worn) {rC++ Slay+3}
   (You acquired it on level 5 of the Dungeon)

   Slay:      It affects your accuracy & damage with ranged weapons and melee
   (+3).
   rC:        It greatly protects you from cold.
 n - a +2 pair of boots
 y - a +2 cloak of preservation (worn)
 I - a +2 kite shield of resistance
 K - a +0 tower shield of reflection (worn)
 L - the +0 pair of boots "Sududur" (worn) {rF+}
   (You found it on level 5 of the Vaults)

   rF:        It protects you from fire.
Jewellery
 c - a ring of resist corrosion
 g - a ring of protection from fire
 u - a ring of protection from cold
 x - the ring of Kige (right hand) {Wiz rC+ Dex+5 Slay+2}
   (You found it on level 3 of the Snake Pit)

   [ring of wizardry]

   It improves your spell success rate.
   Dex:       It affects your dexterity (+5).
   Slay:      It affects your accuracy & damage with ranged weapons and melee
   (+2).
   rC:        It protects you from cold.
 G - the ring "Kelluitat" (left hand) {Will++ Str+6}
   (You found it on level 3 of the Tomb of the Ancients)

   [ring of strength]

   Str:       It affects your strength (+6).
   Will:      It greatly increases your willpower.
 H - the ring of the Catamount {Ice Str+3 Dex+4}
   (You bought it in a shop on level 2 of the Orcish Mines)

   [ring of ice]

   It enhances your ice magic.
   Str:       It affects your strength (+3).
   Dex:       It affects your dexterity (+4).
   rF:        It makes you vulnerable to fire.
   rC:        It protects you from cold.
 J - a +4 ring of protection
 N - a ring of fire
 O - an amulet of reflection (around neck)
 Y - the ring "Ziastoun" {rPois rN+ Will+ Str+4 Int-4}
   (You found it on level 3 of the Dungeon)

   [ring of willpower]

   Str:       It affects your strength (+4).
   Int:       It affects your intelligence (-4).
   rPois:     It protects you from poison.
   rN:        It protects you from negative energy.
   Will:      It increases your willpower.
Wands
 D - a wand of digging (6)
Scrolls
 b - 41 scrolls of identify
 o - 17 scrolls of teleportation
 t - 8 scrolls of enchant armour
 z - 5 scrolls of brand weapon
 C - 8 scrolls of enchant weapon
Potions
 d - 9 potions of might
 e - 13 potions of lignification
 f - 4 potions of haste
 h - 25 potions of curing
 i - 6 potions of attraction
 p - 3 potions of resistance
 q - 10 potions of cancellation
 r - a potion of magic
 s - 3 potions of mutation
 v - 11 potions of heal wounds

Dungeon Overview and Level Annotations

Branches:
Dungeon (15/15)            Temple (1/1) D:5            Lair (5/5) D:8
  Swamp (4/4) Lair:2        Snake (4/4) Lair:3        Slime (0/5) Lair:5
    Orc (2/2) D:10            Elf (0/3) Orc:2        Vaults (5/5) D:13
  Crypt (3/3) Vaults:3       Tomb (3/3) Crypt:3      Depths (4/4) D:15
    Zot (4/5) Depths:4    Gauntlet (visited)

Altars:
Ashenzari
Cheibriados
Dithmenos
Elyvilon
Fedhas
Gozag
Hepliaklqana
Kikubaaqudgha
Makhleb
Nemelex Xobeh
Okawaru
Qazlal
Ru
Sif Muna
Trog
Uskayaw
Vehumet
Wu Jian
Xom
Yredelemnul
Zin
The Shining One
Jiyva

Shops:
D:6 (*   Orc:2 !=[(   Snake:2 *   Snake:3 *   Snake:4 :?*?   Vaults:2 !

Portals:
Hell: Depths:1 Depths:2 Depths:3 Depths:4
Abyss: Lair:2 Depths:3
Pandemonium: Depths:2
Ziggurat: Depths:3
Trove: D:11 (give 9 potions of haste)

Annotations:
D:4 4 runed translucent doors, Crazy Yiuf; qw's ghost, amateur GrFi
D:6 3 runed translucent doors, qw's ghost, novice GrFi
D:10 3 runed translucent doors, Yakesh's ghost, journeyman MiFi
D:14 3 runed translucent doors, Cicylist's ghost, journeyman FoFi
Lair:2 2 transporters, qw's ghost, journeyman GrFi
Lair:5 1 runed translucent door
Vaults:1 1 runed translucent door, qw's ghost, adept GrFi
Vaults:2 2 transporters
Vaults:4 36 runed doors
Crypt:3 1 runed translucent door, qw's ghost, veteran GrFi
Depths:3 2 transporters, qw's ghost, veteran GrFi


Message History

The ghost moth convulses!
Your body is wracked with pain!
The ghost moth stares at you.
You feel your power leaking away.
You hear a hideous shriek!
The tormentor calls on the powers of darkness!
The ghost moth convulses!
Your body is wracked with pain!
The ghost moth stares at you. x2
The hellion gestures at you.
The sphere of damnation explodes!
The damnation engulfs you! The ghost moth stares at you.
The ghost moth stares at you. The hellion gestures at you.
The sphere of damnation explodes!
The damnation engulfs you!! The ghost moth stares at you.
67850 ||| READING 19 scrolls of teleportation.
As you read the scroll of teleportation, it crumbles to dust.
You feel strangely unstable. The ghost moth stares at you.
You feel your power leaking away. The ghost moth stares at you.
67851 ||| DRINKING 12 potions of heal wounds.
You feel much better. The ghost moth stares at you. x2
The tormentor grins malevolently.
The ghost moth stares at you.
Your surroundings suddenly seem different.
Found a leather armour.
The hellion gives a hideous shriek!
67853 ||| DRINKING 2 potions of magic.
Magic courses through your body. The hellion gestures at you.
The sphere of damnation explodes!
The damnation engulfs you!!
A sun demon comes into view.
The sun demon shouts!
You hear a roar!
You hear a horrible gurgling sound!
You hear a bellow!
67854 ||| READING 18 scrolls of teleportation.
As you read the scroll of teleportation, it crumbles to dust.
You feel strangely unstable.
A smoke demon comes into view.
The hellion gestures at you.
The sphere of damnation explodes!
The damnation engulfs you!!
You die...

............).....).#
.#....................#
3...........)........#
....................#
..................(.# .
##..................#
...##..............(#.##
..[...................#y
.......@###.........#.##
##...2..# #.........#.2#
.......3# #####.....#..#
.......## ......# .#
....... .\.....# .......
....((.... .......
............ .......
.............
(.............


You could see a sun demon, a smoke demon and a hellion.

Vanquished Creatures
  3 dread liches
  An ancient lich (Vaults:5)
  An orb of fire (Zot:4)
  Mara (Vaults:4)
  A pandemonium lord (Pan)
  A juggernaut (Depths:1)
  Josephina (Zot:2)
  23 royal mummies
  Frederick (Vaults:2)
  4 Killer Klowns (Zot:3)
  Vashnia (Snake:2)
  Saint Roka (Snake:2)
  A curse toe (Zot:3)
  Bai Suzhen (Crypt:3)
  5 golden dragons
  Jory (Vaults:2)
  A profane servitor (Abyss:3)
  A shard shrike zombie (Crypt:1)
  4 bone dragons
  11 tentacled monstrosities
  An Ice Fiend (Pan)
  A walking earthen tome (Depths:2)
  Jorgrun (Orc:2)
  A Hell Sentinel (Pan)
  Rupert (D:12)
  7 deep elf blademasters
  9 liches
  2 quicksilver dragons (Vaults:5)
  6 deep elf master archers
  7 tentacled starspawn (Abyss:3)
  16 titans
  A walking divine tome (Depths:1)
  8 death cobs
  14 sphinxes
  4 Executioners
  Frances (Swamp:1)
  Agnes (Snake:3)
  10 ancient champions
  Gastronok (Lair:2)
  A thorn hunter (Swamp:4)
  Donald (Vaults:2)
  12 storm dragons
  7 revenants
  An azure jelly (shapeshifter) (Vaults:5)
  3 shadow dragons
  8 draconian knights
  6 tengu reavers
  10 draconian monks
  A fenstrider witch (Swamp:2)
  Aizul (Snake:1)
  22 fire giants
  2 cacodemons
  5 draconian scorchers
  9 vault wardens
  A deep elf sorcerer (Vaults:2)
  4 balrugs
  5 spectral caustic shrikes (Depths:3)
  16 frost giants
  2 daevas (Abyss:3)
  3 ghost moths
  4 nagarajas (Snake:4)
  2 iron dragons
  Louise (Snake:4)
  10 draconian stormcallers
  2 curse skulls
  15 ironbound preservers
  An angel (Pan)
  3 juggernaut zombies (Depths:4)
  6 draconian shifters
  2 orc warlords (Orc:2)
  6 ghouls
  8 war gargoyles
  A draconian annihilator (Depths:4)
  A broodmother (shapeshifter) (Vaults:5)
  A reaper (Pan)
  A juggernaut skeleton (Crypt:3)
  16 green draconians
  34 very ugly things
  33 stone giants
  2 eleionomae
  13 black draconians
  6 vampire knights
  Nessos (D:15)
  4 deep elf demonologists
  16 lorocyprocas (Pan)
  2 demonspawn black suns (Pan)
  6 ironbound thunderhulks
  15 white draconians
  A minotaur (Gauntlet)
  2 bunyips
  9 bennus
  11 purple draconians
  4 deep elf annihilators
  12 red draconians
  A dire elephant (shapeshifter) (Zot:4)
  4 dire elephants
  10 yellow draconians
  14 spark wasps
  A blizzard demon (Depths:2)
  3 eidola
  15 ettins
  A crystal guardian (Vaults:3)
  An acid blob zombie (Crypt:2)
  9 jiangshi
  A spectral elf (Crypt:3)
  2 deep elf death magi
  A merfolk impaler (Depths:4)
  17 mummy priests
  3 great orbs of eyes (Vaults:4)
  3 shambling mangroves (Swamp:4)
  11 yaktaur captains
  2 quicksilver dragon zombies (Depths:4)
  A deep elf high priest (Vaults:3)
  4 entropy weavers
  12 ice dragons
  5 rakshasas
  12 fire dragons
  2 spriggan air magi
  5 salamander tyrants
  2 spriggan zombies
  26 vault guards
  5 peacekeepers
  A quicksilver dragon skeleton (Crypt:2)
  18 hydras
  3 ogre magi
  2 ghost crabs (Swamp:1)
  18 anacondas
  10 boulder beetles
  15 centaur warriors
  12 ironbound frosthearts
  3 catoblepae
  5 death knights
  6 two-headed ogres
  2 hell beasts (Pan)
  8 alligators
  A dancing weapon (Vaults:5)
  3 deep troll shamans
  75 death scarabs
  A hell hog (Abyss:3)
  11 naga warriors
  2 orc high priests (Orc:2)
  7 tengu warriors
  11 shock serpents
  9 deep troll earth magi
  2 spriggan berserkers
  6 thrashing horrors (Abyss:3)
  19 naga sharpshooters
  5 titan zombies (Depths:4)
  10 vampire magi
  A shock serpent (shapeshifter) (Vaults:5)
  A spectral dire elephant (Crypt:3)
  10 deep elf knights
  A soul eater (Gauntlet)
  16 hell knights
  A storm dragon zombie (Depths:4)
  18 sun demons (Pan)
  An iron troll (Depths:1)
  Amaemon (Lair:2)
  21 skeletal warriors
  4 wretched stars (Abyss:3)
  4 spriggan druids
  8 goliath frogs
  2 salamander mystics
  A spatial maelstrom (Abyss:3)
  56 deep trolls
  A titan skeleton (Crypt:2)
  2 sixfirhies
  12 shadow wraiths
  3 golden dragon zombies
  3 sea snakes (Snake:3)
  A shadow demon (Pan)
  A storm dragon skeleton (Crypt:2)
  22 starcursed masses (Abyss:3)
  9 bog bodies
  5 flayed ghosts (Crypt:3)
  10 naga ritualists
  6 glowing orange brains
  12 lindwurms
  A golden dragon skeleton (Crypt:3)
  A swamp dragon (shapeshifter) (Vaults:5)
  25 ironbound convokers
  16 wizards
  4 sphinx zombies (Depths:4)
  A spectral iron dragon (Crypt:3)
  5 deep elf zephyrmancers
  An obsidian statue (Gauntlet)
  14 deep elf archers
  5 tengu zombies (Depths:4)
  10 necromancers
  11 swamp dragons
  2 shadow dragon zombies
  An oklob plant (Lair:5)
  4 orc knights
  28 phantasmal warriors
  8 deep elf pyromancers
  2 iron dragon zombies (Depths:4)
  18 salamanders
  15 mana vipers
  A glowing shapeshifter (Depths:2)
  A shining eye (shapeshifter) (Vaults:5)
  6 cyclopes
  26 ugly things
  5 orc sorcerers
  2 wolf spiders (Lair:5)
  7 will-o-the-wisps
  A worldbinder (Abyss:3)
  A wolf spider (shapeshifter) (Vaults:5)
  3 manticores
  A sphinx skeleton (Crypt:3)
  14 elephants
  A rust devil (Pan)
  19 moths of wrath
  2 ice statues (Depths:2)
  A frost giant skeleton (Vaults:1)
  3 stone giant skeletons
  53 black mambas
  26 smoke demons
  An apocalypse crab (Abyss:3)
  Joseph (D:8)
  A gargoyle (D:14)
  6 guardian serpents
  A shock serpent zombie (Crypt:1)
  23 naga magi
  19 vault sentinels
  8 cane toads
  7 torpor snails
  A dire elephant skeleton (Crypt:2)
  17 hellions (Pan)
  2 storm dragon simulacra (Zot:2)
  A centaur skeleton (Abyss:3)
  10 komodo dragons
  An unseen horror (D:12)
  31 demonic crawlers (Pan)
  3 orange demons
  3 rime drakes
  Maggie (Lair:2)
  2 ancient zymes (Abyss:3)
  26 yaktaurs
  2 hellwings
  A ghost moth simulacrum (Zot:2)
  36 guardian mummies
  8 tormentors (Pan)
  10 freezing wraiths
  A tengu conjurer (Depths:2)
  A grey draconian skeleton (Crypt:2)
  2 red devils
  A bunyip simulacrum (Crypt:2)
  10 trolls
  2 harpy zombies
  13 tyrant leeches
  A wind drake (shapeshifter) (Vaults:5)
  A polar bear (Lair:3)
  2 spectral harpies (Crypt:3)
  A shadow dragon simulacrum (Crypt:2)
  A hydra skeleton (Crypt:3)
  28 raiju (Abyss:3)
  11 blink frogs
  32 hornets
  A snapping turtle (shapeshifter) (Vaults:5)
  A tarantella (shapeshifter) (Abyss:3)
  An ettin zombie (Vaults:1)
  30 slime creatures
  A dream sheep (shapeshifter) (Vaults:5)
  A jumping spider (Vaults:4)
  16 spriggans
  43 flying skulls
  14 shadows
  A culicivora (shapeshifter) (D:13)
  17 ushabtiu
  A culicivora (Vaults:2)
  2 centaur simulacra (Gauntlet)
  32 large abominations
  A vampire (D:9)
  11 wraiths
  Sigmund (D:2)
  3 water elementals
  A wind drake zombie (Crypt:2)
  A yak (shapeshifter) (D:15)
  22 ynoxinuls
  12 wyverns
  A fire elemental (Depths:3)
  8 humans (Zot:3)
  4 basilisks
  44 yaks
  A redback (shapeshifter) (Vaults:5)
  2 steam dragons
  A neqoxec (Abyss:3)
  A spatial vortex (Abyss:3)
  20 vampire mosquitoes
  16 chaos spawn
  A two-headed ogre zombie (Crypt:1)
  10 redbacks
  A black draconian simulacrum (Zot:2)
  A glowing shapeshifter zombie (Depths:4)
  12 swamp worms
  55 nagas
  A warg (Vaults:5)
  Menkaure (D:7)
  7 acid dragons
  30 water moccasins
  7 hell hounds
  A faun skeleton (Crypt:3)
  2 glowing shapeshifter skeletons
  A human zombie (Vaults:1)
  10 swamp drakes (Swamp:4)
  2 sky beasts
  34 orc warriors
  5 ice beasts
  4 black bears
  4 wolves (Lair:3)
  11 ogres
  12 small abominations
  13 centaurs
  A swamp dragon skeleton (Crypt:2)
  2 phantoms
  A rime drake zombie (Crypt:1)
  7 bullfrogs
  An elf skeleton (Crypt:2)
  A komodo dragon skeleton (Crypt:1)
  4 necrophages
  A gnoll sergeant (D:8)
  A cane toad simulacrum (Gauntlet)
  4 scorpions
  10 wights
  13 killer bees
  A howler monkey (D:13)
  A spriggan skeleton (Crypt:3)
  An electric eel (D:15)
  A crimson imp (D:8)
  A black bear zombie (Crypt:2)
  7 hounds
  A quasit (Abyss:3)
  An iron imp (Abyss:3)
  2 jellies
  21 orc priests
  Natasha (twice) (D:2)
  An iguana (D:5)
  20 orc wizards
  A boggart simulacrum (D:14)
  41 mummies
  A howler monkey zombie (Crypt:1)
  Robin (D:2)
  7 adders
  12 gnolls
  A river rat (shapeshifter) (Vaults:5)
  A steam dragon skeleton (Crypt:2)
  2 shadow imps (Gauntlet)
  2 white imps
  2 ufetubi
  A lava snake skeleton (Crypt:3)
  3 dart slugs
  95 orcs
  2 ball pythons
  A bat skeleton (Crypt:1)
  6 endoplasms
  4 giant cockroaches
  19 goblins
  8 hobgoblins
  6 quokkas
  6 bats
  5 frilled lizards
  3 kobolds
  5 rats
  A butterfly (Lair:1)
  13 starspawn tentacles (Abyss:3)
2763 creatures vanquished.

Vanquished Creatures (collateral kills)
  11 royal mummies
  2 liches
  A deep elf master archer (Tomb:1)
  A fire giant (Tomb:1)
  A frost giant (Tomb:1)
  A curse skull (Crypt:3)
  A ghost moth (Pan)
  A bennu (Tomb:2)
  A demonspawn black sun (Pan)
  4 mummy priests
  8 death scarabs
  2 deep elf knights (Crypt:3)
  2 shadow wraiths (Crypt:3)
  2 deep elf zephyrmancers
  3 deep elf archers
  A phantasmal warrior (Crypt:3)
  6 guardian mummies
  A guardian serpent skeleton (Crypt:3)
  5 flying skulls
  2 wraiths (Crypt:3)
  2 ushabtiu
  21 mummies
79 creatures vanquished.

Vanquished Creatures (others)
  A ghost moth (Zot:4)
  An eleionoma (Swamp:4)
  A yellow draconian (Zot:4)
  A mummy (Tomb:2)
  A bush (Abyss:3)
  16 foxfires
  45 fungi
  74 plants
  8 starspawn tentacles (Abyss:3)
  38 withered plants
186 creatures vanquished.

Grand Total: 3028 creatures vanquished

Notes
Turn   | Place    | Note
-------+----------+-------------------------------------------
     0 | D:1      | qw the Gargoyle Fighter began the quest for the Orb.
     0 | D:1      | Reached XP level 1. HP: 14/14 MP: 1/1
     0 | D:1      | 0 ||| qw: Version: 0.2-a-10-g37ed214
     0 | D:1      | 0 ||| qw: Game counter: 716
     0 | D:1      | 0 ||| qw: Always use a shield: true
     0 | D:1      | 0 ||| qw: God list: Okawaru
     0 | D:1      | 0 ||| qw: Allow faded altars: false
     0 | D:1      | 0 ||| qw: Do Orc after D:15 true
     0 | D:1      | 0 ||| qw: Do second Lair branch before Depths: true
     0 | D:1      | 0 ||| qw: Lair rune preference: random
     0 | D:1      | 0 ||| qw: Plans: Normal, Zot:1-4, God:TSO, Crypt, Tomb,
                  | Pan, Slime:5, Hells, Abyss, Orb
     0 | D:1      | 0 ||| PLANNING D:1-11
    86 | D:1      | 86 ||| Stepping ~*~*~tactically~*~*~ (stealth).
    87 | D:1      | 87 ||| Stepping ~*~*~tactically~*~*~ (stealth).
   104 | D:1      | Reached XP level 2. HP: 15/19 MP: 2/2
   431 | D:1      | Found a faded altar of an unknown god.
   543 | D:1      | Reached skill level 3 in Axes
   655 | D:1      | Reached XP level 3. HP: 22/23 MP: 3/3
   707 | D:1      | 707 ||| UPGRADING to amulet of regeneration.
   712 | D:1      | 712 ||| READING scroll labelled PIESECL HIMMU.
   713 | D:1      | 713 ||| READING 3 scrolls labelled FEAWIL OC HEGA.
   714 | D:1      | 714 ||| READING 2 scrolls of enchant weapon.
   714 | D:1      | 714 ||| ENCHANTING +1 war axe.
   715 | D:1      | 715 ||| READING scroll of enchant weapon.
   715 | D:1      | 715 ||| ENCHANTING +2 war axe.
   716 | D:1      | 716 ||| READING scroll labelled XIZYFO INKUE.
   759 | D:2      | Noticed Sigmund
   761 | D:2      | 761 ||| Stepping ~*~*~tactically~*~*~ (stealth).
   762 | D:2      | 762 ||| Stepping ~*~*~tactically~*~*~ (stealth).
   773 | D:2      | Killed Sigmund
   774 | D:2      | Reached XP level 4. HP: 11/28 MP: 4/4
   774 | D:2      | Reached XP level 5. HP: 13/32 MP: 5/5
   807 | D:2      | Noticed Natasha
   808 | D:2      | 808 ||| Stepping ~*~*~tactically~*~*~ (hiding).
   813 | D:2      | Killed Natasha
   822 | D:2      | 822 ||| Stepping ~*~*~tactically~*~*~ (stealth).
   828 | D:2      | 828 ||| Stepping ~*~*~tactically~*~*~ (stealth).
   836 | D:2      | 836 ||| Stepping ~*~*~tactically~*~*~ (stealth).
   840 | D:2      | Noticed Robin
   841 | D:2      | 841 ||| Stepping ~*~*~tactically~*~*~ (stealth).
   847 | D:2      | Killed Robin
   848 | D:2      | Reached XP level 6. HP: 27/38 MP: 6/6
   848 | D:2      | 848 ||| FLEEEEING.
   849 | D:2      | 849 ||| FLEEEEING.
   850 | D:2      | 850 ||| FLEEEEING.
   851 | D:2      | 851 ||| FLEEEEING.
   852 | D:2      | 852 ||| FLEEEEING.
   853 | D:2      | 853 ||| FLEEEEING.
   854 | D:2      | 854 ||| FLEEEEING.
   855 | D:2      | 855 ||| FLEEEEING.
  1110 | D:2      | Noticed Natasha
  1119 | D:2      | Killed Natasha
  1120 | D:2      | Reached skill level 1 in Dodging
  1232 | D:2      | 1232 ||| DROPPING +0 club.
  1436 | D:2      | 1436 ||| UPGRADING to +0 helmet.
  1441 | D:2      | 1441 ||| DROPPING +6 ring of intelligence.
  1479 | D:3      | 1479 ||| STAIRDANCE
  1503 | D:2      | 1503 ||| DROPPING +0 whip.
  1507 | D:3      | 1507 ||| STAIRDANCE
  1529 | D:3      | 1529 ||| FLEEEEING.
  1531 | D:3      | 1531 ||| STAIRDANCE
  1542 | D:3      | 1542 ||| Stepping ~*~*~tactically~*~*~ (stealth).
  1567 | D:3      | 1567 ||| Stepping ~*~*~tactically~*~*~ (stealth).
  1569 | D:3      | 1569 ||| Stepping ~*~*~tactically~*~*~ (stealth).
  1583 | D:3      | Identified the ring "Ziastoun" {rPois rN+ Will+ Str+4
                  | Int-4}
  1678 | D:3      | 1678 ||| Stepping ~*~*~tactically~*~*~ (stealth).
  1886 | D:3      | 1886 ||| Stepping ~*~*~tactically~*~*~ (stealth).
  1893 | D:3      | 1893 ||| Stepping ~*~*~tactically~*~*~ (stealth).
  1996 | D:3      | 1996 ||| UPGRADING to +0 chain mail.
  2006 | D:3      | 2006 ||| DROPPING +0 scale mail.
  2007 | D:3      | 2007 ||| UPGRADING to ring "Ziastoun" {rPois rN+ Will+
                  | Str+4 Int-4}.
  2008 | D:3      | 2008 ||| UPGRADING to ring of willpower.
  2009 | D:3      | 2009 ||| READING scroll labelled MEAMAO ECOODDO.
  2010 | D:3      | 2010 ||| DRINKING 2 bubbling black potions.
  2044 | D:4      | Reached skill level 6 in Axes
  2139 | D:4      | Reached XP level 7. HP: 43/43 MP: 7/7
  2371 | D:4      | Found a runed translucent door.
  2378 | D:4      | 2378 ||| DROPPING +4 vorpal hammer.
  2397 | D:4      | Noticed Crazy Yiuf
  2668 | D:4      | Found a runed translucent gate.
  2668 | D:4      | Found a runed translucent gate.
  2668 | D:4      | Found a runed translucent gate.
  2669 | D:4      | Noticed qw's ghost (amateur GrFi)
  2902 | D:4      | 2902 ||| READING 2 scrolls labelled BEXZUT YGAM.
  2903 | D:4      | 2903 ||| READING scroll labelled ILO HAATURGH.
  2904 | D:4      | 2904 ||| READING scroll labelled QOLOEM GODYG.
  2976 | D:5      | Entered Level 5 of the Dungeon
  2980 | D:5      | 2980 ||| Stepping ~*~*~tactically~*~*~ (stealth).
  3004 | D:5      | Reached XP level 8. HP: 39/49 MP: 8/8
  3073 | D:5      | Found a staircase to the Ecumenical Temple.
  3074 | D:5      | 3074 ||| PLANNING TEMPLE
  3074 | D:5      | 3074 ||| UPGRADING to +0 pair of boots.
  3079 | D:5      | 3079 ||| READING scroll labelled LUSABEH ALIRO.
  3079 | D:5      | Identified a scroll of acquirement
  3079 | D:5      | 3079 ||| ACQUIRING +14 crystal plate armour of Analysis
                  | {rC++ Slay+3}
  3079 | D:5      | Acquired the +14 crystal plate armour of Analysis {rC++
                  | Slay+3}
  3081 | D:5      | 3081 ||| UPGRADING to +14 crystal plate armour of Analysis
                  | {rC++ Slay+3}.
  3091 | D:5      | 3091 ||| DROPPING +0 chain mail.
  3100 | Temple   | Entered the Ecumenical Temple
  3151 | Temple   | 3151 ||| PLANNING D:1-11
  3282 | D:5      | 3282 ||| Stepping ~*~*~tactically~*~*~ (stealth).
  3310 | D:5      | 3310 ||| Stepping ~*~*~tactically~*~*~ (stealth).
  3325 | D:5      | 3325 ||| DROPPING +0 flail.
  3526 | D:5      | 3526 ||| DROPPING +2 flail of protection.
  3546 | D:5      | 3546 ||| Stepping ~*~*~tactically~*~*~ (hiding).
  3733 | D:5      | 3733 ||| UPGRADING to +0 pair of gloves.
  3738 | D:5      | 3738 ||| READING scroll labelled LUGIROK NOGEW.
  3739 | D:5      | 3739 ||| READING scroll labelled ROOKOUHOAZ.
  3740 | D:5      | 3740 ||| READING scroll labelled HEACVI RIUGYFO.
  3780 | D:6      | Found Ziowkest's Weapon Shoppe.
  3791 | D:6      | Reached skill level 6 in Armour
  3819 | D:6      | Found Murch's Gadget Gallery.
  3831 | D:6      | 3831 ||| SHOPLISTING wand of digging (6) (327 gold, have
                  | 276).
  3949 | D:6      | Found an iron altar of Okawaru.
  3950 | D:6      | 3950 ||| PLANNING OKAWARU WORSHIP
  3950 | D:6      | 3950 ||| READING 2 scrolls of identify.
  3950 | D:6      | 3950 ||| IDENTIFYING fizzy blue potion
  3954 | D:6      | Became a worshipper of Warmaster Okawaru
  3955 | D:6      | 3955 ||| PLANNING D:1-11
  4029 | D:6      | Reached XP level 9. HP: 52/54 MP: 9/9
  4047 | D:6      | Reached skill level 6 in Fighting
  4178 | D:6      | Found a runed translucent gate.
  4178 | D:6      | Identified the +5 plate armour of Intercession {Harm
                  | Rampage Dex+3}
  4179 | D:6      | Noticed qw's ghost (novice GrFi)
  4179 | D:6      | Found a runed translucent gate.
  4180 | D:6      | Found a runed translucent gate.
  4184 | D:6      | Identified the +2 dagger of Jylyl {holy, rElec}
  4333 | D:6      | 4333 ||| UPGRADING to +0 cloak.
  4434 | D:7      | 4434 ||| READING scroll of enchant weapon.
  4434 | D:7      | 4434 ||| ENCHANTING +3 war axe.
  4457 | D:7      | Found an opulent altar of Gozag.
  4480 | D:7      | Reached * piety under Okawaru
  4496 | D:7      | Reached skill level 1 in Invocations
  4588 | D:7      | Noticed Menkaure
  4589 | D:7      | 4589 ||| INVOKING Heroism.
  4592 | D:7      | Killed Menkaure
  4640 | D:7      | 4640 ||| INVOKING Heroism.
  4962 | D:7      | 4962 ||| READING scroll labelled QUAJIK HIEZUY.
  4963 | D:7      | 4963 ||| READING 2 scrolls of identify.
  4963 | D:7      | 4963 ||| IDENTIFYING white potion
  5082 | D:8      | 5082 ||| INVOKING Heroism.
  5096 | D:8      | Reached skill level 3 in Invocations
  5102 | D:8      | 5102 ||| INVOKING Heroism.
  5109 | D:8      | Reached skill level 9 in Axes
  5131 | D:8      | Noticed Joseph
  5132 | D:8      | 5132 ||| Stepping ~*~*~tactically~*~*~ (hiding).
  5144 | D:8      | Killed Joseph
  5144 | D:8      | Reached ** piety under Okawaru
  5145 | D:8      | Reached XP level 10. HP: 51/60 MP: 11/13
  5260 | D:8      | 5260 ||| DROPPING ring of flight.
  5276 | D:8      | 5276 ||| Stepping ~*~*~tactically~*~*~ (hiding).
  5280 | D:8      | 5280 ||| Stepping ~*~*~tactically~*~*~ (hiding).
  5293 | D:8      | 5293 ||| FLEEEEING.
  5294 | D:8      | 5294 ||| FLEEEEING.
  5295 | D:8      | 5295 ||| FLEEEEING.
  5296 | D:8      | 5296 ||| FLEEEEING.
  5297 | D:8      | 5297 ||| FLEEEEING.
  5298 | D:8      | 5298 ||| FLEEEEING.
  5299 | D:8      | 5299 ||| FLEEEEING.
  5299 | D:8      | Found an ancient bone altar of Kikubaaqudgha.
  5300 | D:8      | 5300 ||| FLEEEEING.
  5301 | D:8      | 5301 ||| FLEEEEING.
  5302 | D:8      | 5302 ||| FLEEEEING.
  5305 | D:8      | Reached skill level 9 in Armour
  5316 | D:8      | 5316 ||| DROPPING +0 morningstar.
  5496 | D:8      | Found a flagged portal.
  5603 | D:8      | 5603 ||| INVOKING Heroism.
  5642 | D:8      | Found a staircase to the Lair.
  5748 | D:8      | 5748 ||| PLANNING LAIR
  5748 | D:8      | 5748 ||| DROPPING amulet of magic regeneration.
  5749 | D:8      | 5749 ||| READING 2 scrolls labelled SIOHEG ONIKHLEHIWKU.
  5750 | D:8      | 5750 ||| READING 2 scrolls of identify.
  5750 | D:8      | 5750 ||| IDENTIFYING glowing silvery potion
  5751 | D:8      | 5751 ||| DROPPING potion of berserk rage.
  5752 | D:8      | 5752 ||| DROPPING scroll of immolation.
  5828 | Lair:1   | Entered Level 1 of the Lair of Beasts
  5829 | Lair:1   | 5829 ||| PLANNING GAUNTLET
  5907 | Lair:1   | Found a gate leading to a gauntlet.
  5908 | Lair:1   | 5908 ||| UPGRADING to +2 pair of gloves.
  5918 | Lair:1   | 5918 ||| DROPPING +0 pair of gloves.
  5927 | Gauntlet | Entered a Gauntlet
  5927 | Gauntlet | Found a transporter.
  5927 | Gauntlet | Found a transporter.
  5927 | Gauntlet | Found a transporter.
  5928 | Gauntlet | Found a transporter.
  5931 | Gauntlet | Found a transporter.
  5931 | Gauntlet | Found a transporter.
  5940 | Gauntlet | Noticed an ice statue
  5941 | Gauntlet | Found a transporter.
  5945 | Gauntlet | Found a transporter.
  5951 | Gauntlet | Noticed a thrashing horror
  5955 | Gauntlet | Found a transporter.
  6057 | Gauntlet | Found a transporter.
  6061 | Gauntlet | Found a transporter.
  6063 | Gauntlet | Noticed a soul eater
  6073 | Gauntlet | Found a transporter.
  6073 | Gauntlet | Noticed an obsidian statue
  6130 | Gauntlet | 6130 ||| INVOKING Heroism.
  6214 | Gauntlet | Killed a soul eater
  6214 | Gauntlet | Reached *** piety under Okawaru
  6232 | Gauntlet | 6232 ||| INVOKING Heroism.
  6242 | Gauntlet | Noticed a sun demon
  6244 | Gauntlet | Identified the +0 pair of gloves "Rof Sun" {-Tele Harm rN+
                  | Dex+3}
  6255 | Gauntlet | Killed an obsidian statue
  6257 | Gauntlet | 6257 ||| DROPPING +0 pair of gloves "Rof Sun" {-Tele Harm
                  | rN+ Dex+3}.
  6284 | Gauntlet | Identified the +9 flail of Coptedasm {freeze, Str+4 SInv}
  6284 | Gauntlet | Identified the +2 fire dragon scales of the Untouchables
                  | {rPois rF++ rC- Str+2}
  6284 | Gauntlet | Noticed a minotaur
  6285 | Gauntlet | 6285 ||| Stepping ~*~*~tactically~*~*~ (stealth).
  6287 | Gauntlet | 6287 ||| INVOKING Heroism.
  6299 | Gauntlet | Killed a minotaur
  6341 | Gauntlet | Identified the +0 cloak of Pasamuho {*Corrode +Inv rElec}
  6345 | Gauntlet | 6345 ||| DROPPING +0 cloak of Pasamuho {*Corrode +Inv
                  | rElec}.
  6349 | Lair:1   | 6349 ||| PLANNING LAIR
  6739 | Lair:1   | Reached skill level 1 in Throwing
  6968 | Lair:1   | 6968 ||| UPGRADING to ring of protection from fire.
  7102 | Lair:2   | Noticed Amaemon
  7103 | Lair:2   | 7103 ||| Stepping ~*~*~tactically~*~*~ (hiding).
  7106 | Lair:2   | 7106 ||| Stepping ~*~*~tactically~*~*~ (hiding).
  7109 | Lair:2   | 7109 ||| INVOKING Heroism.
  7109 | Lair:2   | Noticed an orange demon
  7117 | Lair:2   | Killed Amaemon
  7117 | Lair:2   | Reached **** piety under Okawaru
  7118 | Lair:2   | Reached XP level 11. HP: 63/69 MP: 12/14
  7135 | Lair:2   | 7135 ||| DROPPING +4 morningstar.
  7136 | Lair:2   | 7136 ||| DROPPING +9 flail of Coptedasm {freeze, Str+4
                  | SInv}.
  7156 | Lair:2   | 7156 ||| Stepping ~*~*~tactically~*~*~ (stealth).
  7158 | Lair:2   | 7158 ||| INVOKING Heroism.
  7163 | Lair:2   | Noticed a seven-headed hydra
  7164 | Lair:2   | Noticed a boulder beetle
  7170 | Lair:2   | 7170 ||| SWAPPING to +1 demon whip of venom.
  7171 | Lair:2   | 7171 ||| Stepping ~*~*~tactically~*~*~ (outnumbered).
  7172 | Lair:2   | 7172 ||| Stepping ~*~*~tactically~*~*~ (outnumbered).
  7174 | Lair:2   | Received a gift from Okawaru
  7184 | Lair:2   | 7184 ||| Stepping ~*~*~tactically~*~*~ (outnumbered).
  7185 | Lair:2   | 7185 ||| Stepping ~*~*~tactically~*~*~ (outnumbered).
  7189 | Lair:2   | 7189 ||| INVOKING Heroism.
  7195 | Lair:2   | Killed a seven-headed hydra
  7196 | Lair:2   | Reached skill level 6 in Invocations
  7196 | Lair:2   | 7196 ||| SWAPPING to +4 war axe.
  7213 | Lair:2   | Reached ***** piety under Okawaru
  7214 | Lair:2   | 7214 ||| INVOKING Finesse.
  7238 | Lair:2   | 7238 ||| INVOKING Heroism.
  7259 | Lair:2   | Killed a boulder beetle
  7259 | Lair:2   | Received a gift from Okawaru
  7322 | Lair:2   | Noticed Maggie
  7332 | Lair:2   | Killed Maggie
  7358 | Lair:2   | 7358 ||| INVOKING Heroism.
  7359 | Lair:2   | 7359 ||| Stepping ~*~*~tactically~*~*~ (stealth).
  7363 | Lair:2   | 7363 ||| Stepping ~*~*~tactically~*~*~ (stealth).
  7372 | Lair:2   | 7372 ||| Stepping ~*~*~tactically~*~*~ (stealth).
  7375 | Lair:2   | 7375 ||| Stepping ~*~*~tactically~*~*~ (stealth).
  7377 | Lair:2   | 7377 ||| Stepping ~*~*~tactically~*~*~ (stealth).
  7380 | Lair:2   | 7380 ||| INVOKING Heroism.
  7410 | Lair:2   | Reached XP level 12. HP: 75/75 MP: 18/18
  7414 | Lair:2   | Noticed Gastronok
  7415 | Lair:2   | 7415 ||| INVOKING Heroism.
  7431 | Lair:2   | Killed Gastronok
  7432 | Lair:2   | Reached skill level 9 in Invocations
  7631 | Lair:2   | Found a staircase to the Swamp.
  7770 | Lair:2   | 7770 ||| INVOKING Heroism.
  7832 | Lair:2   | Found a transporter.
  7846 | Lair:2   | 7846 ||| Stepping ~*~*~tactically~*~*~ (stealth).
  7849 | Lair:2   | 7849 ||| Stepping ~*~*~tactically~*~*~ (stealth).
  7850 | Lair:2   | 7850 ||| Stepping ~*~*~tactically~*~*~ (stealth).
  7853 | Lair:2   | 7853 ||| Stepping ~*~*~tactically~*~*~ (stealth).
  7857 | Lair:2   | Reached skill level 9 in Fighting
  7899 | Lair:2   | Found a transporter.
  8040 | Lair:2   | Found a one-way gate to the infinite horrors of the Abyss.
  8040 | Lair:2   | Noticed qw's ghost (journeyman GrFi)
  8141 | Lair:2   | 8141 ||| DRINKING 3 silvery potions.
  8141 | Lair:2   | Gained mutation: You are dopey. (Int -2) [potion of
                  | mutation]
  8142 | Lair:2   | 8142 ||| DRINKING 2 fizzy ruby potions.
  8143 | Lair:2   | 8143 ||| DRINKING 2 metallic golden potions.
  8144 | Lair:2   | 8144 ||| DRINKING 4 glowing pink potions.
  8145 | Lair:2   | 8145 ||| REMOVING ring "Ziastoun" {rPois rN+ Will+ Str+4
                  | Int-4}.
  8146 | Lair:2   | 8146 ||| UPGRADING to ring of protection from cold.
  8147 | Lair:2   | 8147 ||| UPGRADING to ring of willpower.
  8149 | Lair:2   | 8149 ||| DROPPING potion of brilliance.
  8150 | Lair:2   | 8150 ||| DROPPING 3 potions of degeneration.
  8186 | Lair:3   | 8186 ||| READING scroll of enchant armour.
  8186 | Lair:3   | 8186 ||| ENCHANTING +0 helmet.
  8215 | Lair:3   | Noticed a catoblepas
  8216 | Lair:3   | 8216 ||| INVOKING Heroism.
  8217 | Lair:3   | 8217 ||| INVOKING Finesse.
  8232 | Lair:3   | Killed a catoblepas
  8286 | Lair:3   | 8286 ||| INVOKING Heroism.
  8324 | Lair:3   | 8324 ||| READING scroll of enchant weapon.
  8324 | Lair:3   | 8324 ||| ENCHANTING +4 war axe.
  8339 | Lair:3   | 8339 ||| INVOKING Heroism.
  8386 | Lair:3   | Found a staircase to the Snake Pit.
  8428 | Lair:3   | 8428 ||| INVOKING Heroism.
  8464 | Lair:3   | 8464 ||| Stepping ~*~*~tactically~*~*~ (stealth).
  8465 | Lair:3   | 8465 ||| Stepping ~*~*~tactically~*~*~ (stealth).
  8481 | Lair:3   | 8481 ||| Stepping ~*~*~tactically~*~*~ (stealth).
  8503 | Lair:3   | 8503 ||| Stepping ~*~*~tactically~*~*~ (stealth).
  8624 | Lair:3   | 8624 ||| INVOKING Heroism.
  8631 | Lair:3   | Received a gift from Okawaru
  8908 | Lair:3   | 8908 ||| READING scroll labelled DIXUGE KOEDE.
  8909 | Lair:3   | 8909 ||| DRINKING 2 black potions.
  8926 | Lair:4   | 8926 ||| STAIRDANCE
  8935 | Lair:4   | 8935 ||| STAIRDANCE
  8948 | Lair:4   | 8948 ||| STAIRDANCE
  8995 | Lair:4   | 8995 ||| INVOKING Heroism.
  8995 | Lair:4   | Noticed a six-headed hydra
  8996 | Lair:4   | 8996 ||| Stepping ~*~*~tactically~*~*~ (stealth).
  8998 | Lair:4   | 8998 ||| INVOKING Finesse.
  9007 | Lair:4   | 9007 ||| SWAPPING to +1 demon whip of venom.
  9010 | Lair:4   | 9010 ||| SWAPPING to +5 war axe.
  9012 | Lair:4   | 9012 ||| SWAPPING to +1 demon whip of venom.
  9013 | Lair:4   | 9013 ||| Stepping ~*~*~tactically~*~*~ (outnumbered).
  9014 | Lair:4   | Received a gift from Okawaru
  9019 | Lair:4   | Reached skill level 12 in Axes
  9027 | Lair:4   | Killed a six-headed hydra
  9028 | Lair:4   | 9028 ||| SWAPPING to +5 war axe.
  9101 | Lair:4   | 9101 ||| INVOKING Heroism.
  9104 | Lair:4   | Reached skill level 6 in Shields
  9118 | Lair:4   | Reached XP level 13. HP: 69/80 MP: 20/20
  9177 | Lair:4   | Found a dark tunnel.
  9218 | Lair:4   | 9218 ||| Stepping ~*~*~tactically~*~*~ (stealth).
  9220 | Lair:4   | 9220 ||| Stepping ~*~*~tactically~*~*~ (stealth).
  9221 | Lair:4   | 9221 ||| Stepping ~*~*~tactically~*~*~ (stealth).
  9227 | Lair:4   | Reached ****** piety under Okawaru
  9227 | Lair:4   | Received a gift from Okawaru
  9230 | Lair:4   | 9230 ||| INVOKING Heroism.
  9231 | Lair:4   | 9231 ||| INVOKING Finesse.
  9232 | Lair:4   | 9232 ||| INVOKING Finesse.
  9244 | Lair:4   | Reached skill level 12 in Armour
  9395 | Lair:4   | 9395 ||| Stepping ~*~*~tactically~*~*~ (stealth).
  9397 | Lair:4   | 9397 ||| INVOKING Heroism.
  9430 | Lair:4   | 9430 ||| Stepping ~*~*~tactically~*~*~ (stealth).
  9432 | Lair:4   | 9432 ||| Stepping ~*~*~tactically~*~*~ (stealth).
  9694 | Lair:4   | 9694 ||| UPGRADING to ring "Ziastoun" {rPois rN+ Will+
                  | Str+4 Int-4}.
  9696 | Lair:4   | 9696 ||| UPGRADING to +4 ring of evasion.
  9698 | Lair:4   | 9698 ||| DROPPING ring of willpower.
  9699 | Lair:4   | 9699 ||| UPGRADING to ring "Ziastoun" {rPois rN+ Will+
                  | Str+4 Int-4}.
  9701 | Lair:4   | 9701 ||| READING 2 scrolls of identify.
  9701 | Lair:4   | 9701 ||| IDENTIFYING glowing yellow potion
  9708 | Lair:5   | Entered Level 5 of the Lair of Beasts
  9734 | Lair:5   | 9734 ||| INVOKING Heroism.
  9736 | Lair:5   | Identified the +0 crystal plate armour of a sewer {-Cast
                  | rN+++ Dex+3 SInv} (Okawaru gifted it to you on level 5 of
                  | the Lair of Beasts)
  9736 | Lair:5   | Received a gift from Okawaru
  9778 | Lair:5   | 9778 ||| Stepping ~*~*~tactically~*~*~ (hiding).
  9780 | Lair:5   | 9780 ||| Stepping ~*~*~tactically~*~*~ (hiding).
  9783 | Lair:5   | 9783 ||| Stepping ~*~*~tactically~*~*~ (hiding).
  9784 | Lair:5   | 9784 ||| Stepping ~*~*~tactically~*~*~ (hiding).
  9880 | Lair:5   | 9880 ||| Stepping ~*~*~tactically~*~*~ (stealth).
  9899 | Lair:5   | Found a viscous altar of Jiyva.
  9900 | Lair:5   | Found a staircase to the Slime Pits.
  9920 | Lair:5   | 9920 ||| Stepping ~*~*~tactically~*~*~ (stealth).
  9921 | Lair:5   | 9921 ||| INVOKING Heroism.
  9923 | Lair:5   | 9923 ||| INVOKING Finesse.
  9972 | Lair:5   | 9972 ||| FLEEEEING.
 10021 | Lair:5   | 10021 ||| INVOKING Heroism.
 10027 | Lair:5   | 10027 ||| Stepping ~*~*~tactically~*~*~ (stealth).
 10033 | Lair:5   | 10033 ||| INVOKING Finesse.
 10101 | Lair:5   | 10101 ||| INVOKING Heroism.
 10172 | Lair:5   | 10172 ||| Stepping ~*~*~tactically~*~*~ (stealth).
 10173 | Lair:5   | 10173 ||| Stepping ~*~*~tactically~*~*~ (stealth).
 10186 | Lair:5   | 10186 ||| INVOKING Heroism.
 10197 | Lair:5   | 10197 ||| Stepping ~*~*~tactically~*~*~ (stealth).
 10217 | Lair:5   | 10217 ||| Stepping ~*~*~tactically~*~*~ (stealth).
 10218 | Lair:5   | 10218 ||| Stepping ~*~*~tactically~*~*~ (stealth).
 10219 | Lair:5   | 10219 ||| Stepping ~*~*~tactically~*~*~ (stealth).
 10221 | Lair:5   | 10221 ||| INVOKING Heroism.
 10256 | Lair:5   | 10256 ||| Stepping ~*~*~tactically~*~*~ (stealth).
 10338 | Lair:5   | 10338 ||| Stepping ~*~*~tactically~*~*~ (stealth).
 10344 | Lair:5   | 10344 ||| INVOKING Heroism.
 10345 | Lair:5   | 10345 ||| INVOKING Finesse.
 10446 | Lair:5   | 10446 ||| Stepping ~*~*~tactically~*~*~ (stealth).
 10447 | Lair:5   | 10447 ||| Stepping ~*~*~tactically~*~*~ (stealth).
 10448 | Lair:5   | 10448 ||| Stepping ~*~*~tactically~*~*~ (stealth).
 10449 | Lair:5   | 10449 ||| Stepping ~*~*~tactically~*~*~ (stealth).
 10471 | Lair:5   | 10471 ||| INVOKING Heroism.
 10477 | Lair:5   | Received a gift from Okawaru
 10478 | Lair:5   | Gained mutation: Your large and strong wings let you fly.
                  | [Gargoyle growth]
 10478 | Lair:5   | Reached XP level 14. HP: 88/88 MP: 19/21
 10491 | Lair:5   | 10491 ||| SWAPPING to +4 broad axe of holy wrath.
 10492 | Lair:5   | 10492 ||| DROPPING +5 war axe.
 10513 | Lair:5   | 10513 ||| READING scroll of enchant armour.
 10513 | Lair:5   | 10513 ||| ENCHANTING +1 helmet.
 10609 | Lair:5   | 10609 ||| Stepping ~*~*~tactically~*~*~ (stealth).
 10612 | Lair:5   | 10612 ||| Stepping ~*~*~tactically~*~*~ (stealth).
 10613 | Lair:5   | 10613 ||| Stepping ~*~*~tactically~*~*~ (stealth).
 10614 | Lair:5   | 10614 ||| Stepping ~*~*~tactically~*~*~ (stealth).
 10618 | Lair:5   | 10618 ||| INVOKING Heroism.
 10643 | Lair:5   | 10643 ||| INVOKING Finesse.
 10684 | Lair:5   | 10684 ||| Stepping ~*~*~tactically~*~*~ (stealth).
 10685 | Lair:5   | 10685 ||| Stepping ~*~*~tactically~*~*~ (stealth).
 10713 | Lair:5   | 10713 ||| Stepping ~*~*~tactically~*~*~ (stealth).
 10720 | Lair:5   | 10720 ||| Stepping ~*~*~tactically~*~*~ (stealth).
 10721 | Lair:5   | 10721 ||| Stepping ~*~*~tactically~*~*~ (stealth).
 10810 | Lair:5   | 10810 ||| Stepping ~*~*~tactically~*~*~ (stealth).
 10812 | Lair:5   | 10812 ||| INVOKING Heroism.
 10813 | Lair:5   | 10813 ||| SWAPPING to +1 demon whip of venom.
 10814 | Lair:5   | 10814 ||| INVOKING Finesse.
 10821 | Lair:5   | 10821 ||| SWAPPING to +4 broad axe of holy wrath.
 10868 | Lair:5   | 10868 ||| Stepping ~*~*~tactically~*~*~ (stealth).
 10888 | Lair:5   | 10888 ||| Stepping ~*~*~tactically~*~*~ (stealth).
 10941 | Lair:5   | Found a runed translucent door.
 10961 | Lair:5   | 10961 ||| Stepping ~*~*~tactically~*~*~ (stealth).
 10962 | Lair:5   | 10962 ||| INVOKING Heroism.
 10970 | Lair:5   | 10970 ||| Stepping ~*~*~tactically~*~*~ (stealth).
 10987 | Lair:5   | 10987 ||| FLEEEEING.
 10988 | Lair:5   | 10988 ||| INVOKING Heroism.
 10996 | Lair:5   | 10996 ||| Stepping ~*~*~tactically~*~*~ (stealth).
 10998 | Lair:5   | 10998 ||| Stepping ~*~*~tactically~*~*~ (stealth).
 11000 | Lair:5   | 11000 ||| Stepping ~*~*~tactically~*~*~ (hiding).
 11013 | Lair:5   | 11013 ||| Stepping ~*~*~tactically~*~*~ (stealth).
 11016 | Lair:5   | 11016 ||| Stepping ~*~*~tactically~*~*~ (stealth).
 11061 | Lair:5   | 11061 ||| Stepping ~*~*~tactically~*~*~ (stealth).
 11062 | Lair:5   | 11062 ||| INVOKING Heroism.
 11091 | Lair:5   | 11091 ||| Stepping ~*~*~tactically~*~*~ (hiding).
 11092 | Lair:5   | 11092 ||| Stepping ~*~*~tactically~*~*~ (hiding).
 11102 | Lair:5   | 11102 ||| INVOKING Heroism.
 11224 | Lair:5   | 11224 ||| INVOKING Heroism.
 11228 | Lair:5   | Identified the +0 ring mail of Naoxe {Str+4} (Okawaru
                  | gifted it to you on level 5 of the Lair of Beasts)
 11228 | Lair:5   | Received a gift from Okawaru
 11355 | Lair:5   | Reached skill level 6 in Throwing
 11404 | Lair:5   | 11404 ||| Stepping ~*~*~tactically~*~*~ (stealth).
 11629 | Lair:5   | 11629 ||| Stepping ~*~*~tactically~*~*~ (stealth).
 11676 | Lair:5   | 11676 ||| PLANNING D:1-11
 11676 | Lair:5   | 11676 ||| READING scroll labelled FYKHLI VUUGOTH.
 11677 | Lair:5   | 11677 ||| READING 2 scrolls of identify.
 11677 | Lair:5   | 11677 ||| IDENTIFYING fuming silvery potion
 11820 | D:9      | 11820 ||| STAIRDANCE
 11825 | D:9      | 11825 ||| STAIRDANCE
 11830 | D:9      | 11830 ||| STAIRDANCE
 11835 | D:9      | 11835 ||| Stepping randomly (disturbance).
 11836 | D:9      | 11836 ||| Stepping randomly (disturbance).
 11863 | D:9      | Found a white marble altar of Elyvilon.
 11923 | D:9      | Found a radiant altar of Vehumet.
 12002 | D:9      | 12002 ||| FLEEEEING.
 12003 | D:9      | 12003 ||| FLEEEEING.
 12004 | D:9      | 12004 ||| FLEEEEING.
 12005 | D:9      | 12005 ||| FLEEEEING.
 12006 | D:9      | 12006 ||| FLEEEEING.
 12007 | D:9      | 12007 ||| FLEEEEING.
 12008 | D:9      | 12008 ||| FLEEEEING.
 12009 | D:9      | 12009 ||| FLEEEEING.
 12010 | D:9      | 12010 ||| FLEEEEING.
 12011 | D:9      | 12011 ||| FLEEEEING.
 12012 | D:9      | 12012 ||| FLEEEEING.
 12146 | D:9      | Found a broken altar of Ashenzari.
 12254 | D:9      | 12254 ||| READING 4 scrolls of identify.
 12254 | D:9      | 12254 ||| IDENTIFYING fizzy golden potion
 12255 | D:9      | 12255 ||| DROPPING potion of flight.
 12274 | D:10     | Entered Level 10 of the Dungeon
 12371 | D:10     | Identified the +5 scimitar of Disharmony {freeze, rC++
                  | Dex+4}
 12386 | D:10     | 12386 ||| Stepping ~*~*~tactically~*~*~ (stealth).
 12388 | D:10     | 12388 ||| Stepping ~*~*~tactically~*~*~ (hiding).
 12390 | D:10     | 12390 ||| Stepping ~*~*~tactically~*~*~ (hiding).
 12402 | D:10     | 12402 ||| Stepping ~*~*~tactically~*~*~ (hiding).
 12548 | D:10     | Found a staircase to the Orcish Mines.
 12599 | D:10     | Found an ornate altar of the Wu Jian Council.
 12609 | D:10     | Found a runed translucent gate.
 12609 | D:10     | Found a runed translucent gate.
 12611 | D:10     | Found a runed translucent gate.
 12616 | D:10     | Noticed Yakesh's ghost (journeyman MiFi)
 12662 | D:10     | 12662 ||| INVOKING Heroism.
 12761 | D:10     | 12761 ||| INVOKING Heroism.
 12931 | D:10     | 12931 ||| Stepping ~*~*~tactically~*~*~ (hiding).
 13304 | D:11     | 13304 ||| Stepping ~*~*~tactically~*~*~ (stealth).
 13314 | D:11     | 13314 ||| Stepping ~*~*~tactically~*~*~ (stealth).
 13319 | D:11     | 13319 ||| INVOKING Heroism.
 13328 | D:11     | Reached skill level 15 in Axes
 13373 | D:11     | 13373 ||| Stepping ~*~*~tactically~*~*~ (hiding).
 13376 | D:11     | 13376 ||| Stepping ~*~*~tactically~*~*~ (hiding).
 13392 | D:11     | 13392 ||| INVOKING Heroism.
 13551 | D:11     | 13551 ||| READING scroll of enchant armour.
 13551 | D:11     | 13551 ||| ENCHANTING +0 pair of boots.
 13576 | D:11     | 13576 ||| READING scroll of acquirement.
 13576 | D:11     | 13576 ||| ACQUIRING +9 broad axe "Apnankuga" {flame, rPois
                  | rC- rN+ Str+2}
 13576 | D:11     | Acquired the +9 broad axe "Apnankuga" {flame, rPois rC- rN+
                  | Str+2}
 13578 | D:11     | 13578 ||| SWAPPING to +9 broad axe "Apnankuga" {flame,
                  | rPois rC- rN+ Str+2}.
 13579 | D:11     | 13579 ||| DROPPING +1 demon whip of venom.
 13599 | D:11     | Found a portal to a secret trove of treasure.
 13689 | D:11     | 13689 ||| Stepping ~*~*~tactically~*~*~ (hiding).
 13863 | D:11     | 13863 ||| FLEEEEING.
 13864 | D:11     | 13864 ||| FLEEEEING.
 13868 | D:11     | 13868 ||| FLEEEEING.
 13869 | D:11     | 13869 ||| FLEEEEING.
 13871 | D:11     | 13871 ||| FLEEEEING.
 13873 | D:11     | 13873 ||| FLEEEEING.
 13874 | D:11     | 13874 ||| FLEEEEING.
 13875 | D:11     | 13875 ||| FLEEEEING.
 13876 | D:11     | 13876 ||| FLEEEEING.
 13877 | D:11     | 13877 ||| FLEEEEING.
 13878 | D:11     | 13878 ||| FLEEEEING.
 14103 | D:11     | 14103 ||| FLEEEEING.
 14104 | D:11     | 14104 ||| FLEEEEING.
 14105 | D:11     | 14105 ||| FLEEEEING.
 14158 | D:11     | 14158 ||| PLANNING D
 14158 | D:11     | 14158 ||| READING scroll labelled IFUSIP AGINK.
 14196 | D:12     | 14196 ||| INVOKING Heroism.
 14199 | D:12     | 14199 ||| Stepping ~*~*~tactically~*~*~ (stealth).
 14251 | Abyss:3  | Found a corrupted altar of Lugonu.
 14251 | Abyss:3  | Cast into level 3 of the Abyss (a wizard)
 14316 | Abyss:3  | 14316 ||| Stepping ~*~*~tactically~*~*~ (stealth).
 14341 | Abyss:3  | Noticed a tentacled starspawn
 14341 | Abyss:3  | Noticed a daeva
 14341 | Abyss:3  | Noticed a tentacled starspawn
 14342 | Abyss:3  | 14342 ||| INVOKING Heroism.
 14347 | Abyss:3  | Reached XP level 15. HP: 94/95 MP: 19/22
 14352 | Abyss:3  | Killed a tentacled starspawn
 14352 | Abyss:3  | Identified the +9 battleaxe "Teppienn" {vorpal, rPois rN++
                  | Int-5 SInv} (Okawaru gifted it to you on level 3 of the
                  | Abyss)
 14352 | Abyss:3  | Received a gift from Okawaru
 14355 | Abyss:3  | 14355 ||| INVOKING Heroism.
 14356 | Abyss:3  | Killed a tentacled starspawn
 14357 | Abyss:3  | Reached skill level 12 in Fighting
 14368 | Abyss:3  | Killed a daeva
 14396 | Abyss:3  | 14396 ||| Stepping ~*~*~tactically~*~*~ (stealth).
 14399 | Abyss:3  | 14399 ||| Stepping ~*~*~tactically~*~*~ (stealth).
 14400 | Abyss:3  | 14400 ||| Stepping ~*~*~tactically~*~*~ (stealth).
 14403 | Abyss:3  | 14403 ||| Stepping ~*~*~tactically~*~*~ (stealth).
 14412 | Abyss:3  | 14412 ||| INVOKING Heroism.
 14459 | Abyss:3  | Noticed a profane servitor
 14460 | Abyss:3  | 14460 ||| Stepping ~*~*~tactically~*~*~ (stealth).
 14462 | Abyss:3  | 14462 ||| Stepping ~*~*~tactically~*~*~ (stealth).
 14466 | Abyss:3  | 14466 ||| Stepping ~*~*~tactically~*~*~ (stealth).
 14468 | Abyss:3  | 14468 ||| INVOKING Heroism.
 14479 | Abyss:3  | Killed a profane servitor
 14482 | D:12     | Escaped the Abyss
 14483 | D:12     | Received a gift from Okawaru
 14631 | D:12     | 14631 ||| INVOKING Heroism.
 14700 | D:12     | Noticed Rupert
 14701 | D:12     | 14701 ||| INVOKING Heroism.
 14702 | D:12     | 14702 ||| INVOKING Finesse.
 14710 | D:12     | Killed Rupert
 14754 | D:12     | 14754 ||| Stepping ~*~*~tactically~*~*~ (hiding).
 14760 | D:12     | 14760 ||| INVOKING Heroism.
 15058 | D:12     | 15058 ||| UPGRADING to +0 tower shield.
 15068 | D:12     | 15068 ||| DROPPING +0 buckler.
 15200 | D:13     | 15200 ||| Stepping ~*~*~tactically~*~*~ (hiding).
 15684 | D:13     | 15684 ||| Stepping ~*~*~tactically~*~*~ (hiding).
 15690 | D:13     | 15690 ||| INVOKING Heroism.
 15696 | D:13     | Identified the +1 plate armour of Impatience {Int+3}
                  | (Okawaru gifted it to you on level 13 of the Dungeon)
 15696 | D:13     | Received a gift from Okawaru
 15697 | D:13     | Reached skill level 9 in Shields
 15757 | D:13     | 15757 ||| INVOKING Heroism.
 15782 | D:13     | Found a gate to the Vaults.
 16041 | D:13     | 16041 ||| READING scroll labelled LYFELU MAREMAEL.
 16181 | D:14     | 16181 ||| INVOKING Heroism.
 16184 | D:14     | 16184 ||| Stepping ~*~*~tactically~*~*~ (hiding).
 16185 | D:14     | 16185 ||| Stepping ~*~*~tactically~*~*~ (hiding).
 16235 | D:14     | 16235 ||| Stepping ~*~*~tactically~*~*~ (stealth).
 16291 | D:14     | 16291 ||| Stepping ~*~*~tactically~*~*~ (hiding).
 16440 | D:14     | Noticed Cicylist's ghost (journeyman FoFi)
 16460 | D:14     | 16460 ||| Stepping ~*~*~tactically~*~*~ (stealth).
 16462 | D:14     | 16462 ||| Stepping ~*~*~tactically~*~*~ (hiding).
 16582 | D:14     | You are sucked into a shaft and drop 1 floor!
 16582 | D:15     | Entered Level 15 of the Dungeon
 16766 | D:14     | Found a runed translucent gate.
 16766 | D:14     | Found a runed translucent gate.
 16766 | D:14     | Found a runed translucent gate.
 16825 | D:14     | 16825 ||| Stepping ~*~*~tactically~*~*~ (stealth).
 16843 | D:14     | 16843 ||| INVOKING Heroism.
 17126 | D:14     | 17126 ||| DROPPING +0 pair of gloves of stealth.
 17194 | D:15     | 17194 ||| Stepping ~*~*~tactically~*~*~ (stealth).
 17196 | D:15     | 17196 ||| Stepping ~*~*~tactically~*~*~ (stealth).
 17198 | D:15     | 17198 ||| Stepping ~*~*~tactically~*~*~ (hiding).
 17203 | D:15     | Reached XP level 16. HP: 101/101 MP: 23/23
 17214 | D:15     | Reached skill level 12 in Shields
 17229 | D:15     | Found a staircase to the Depths.
 17230 | D:15     | 17230 ||| INVOKING Heroism.
 17287 | D:15     | 17287 ||| INVOKING Heroism.
 17353 | D:15     | 17353 ||| Stepping ~*~*~tactically~*~*~ (stealth).
 17367 | D:15     | 17367 ||| Stepping ~*~*~tactically~*~*~ (hiding).
 17484 | D:15     | Noticed Nessos
 17485 | D:15     | 17485 ||| Stepping ~*~*~tactically~*~*~ (hiding).
 17486 | D:15     | 17486 ||| Stepping ~*~*~tactically~*~*~ (hiding).
 17488 | D:15     | 17488 ||| INVOKING Finesse.
 17490 | D:15     | 17490 ||| INVOKING Heroism.
 17506 | D:15     | 17506 ||| DRINKING 8 potions of curing.
 17506 | D:15     | 17506 ||| (to cure confusion)
 17512 | D:15     | Killed Nessos
 17646 | D:15     | 17646 ||| INVOKING Heroism.
 17965 | D:15     | 17965 ||| INVOKING Heroism.
 18065 | D:15     | 18065 ||| PLANNING ORC
 18065 | D:15     | 18065 ||| DROPPING +6 ring of dexterity.
 18163 | Orc:1    | Entered Level 1 of the Orcish Mines
 18164 | Orc:1    | 18164 ||| Stepping ~*~*~tactically~*~*~ (hiding).
 18165 | Orc:1    | 18165 ||| INVOKING Heroism.
 18166 | Orc:1    | 18166 ||| Stepping ~*~*~tactically~*~*~ (hiding).
 18168 | Orc:1    | 18168 ||| Stepping ~*~*~tactically~*~*~ (hiding).
 18170 | Orc:1    | 18170 ||| Stepping ~*~*~tactically~*~*~ (hiding).
 18427 | Orc:2    | Entered Level 2 of the Orcish Mines
 18431 | Orc:2    | Found a staircase to the Elven Halls.
 18520 | Orc:2    | Found Xuorgh's Distillery.
 18525 | Orc:2    | 18525 ||| BUYING potion of curing (48 gold).
 18525 | Orc:2    | Bought a potion of curing for 48 gold pieces
 18525 | Orc:2    | 18525 ||| BUYING potion of lignification (48 gold).
 18525 | Orc:2    | Bought a potion of lignification for 48 gold pieces
 18525 | Orc:2    | 18525 ||| BUYING potion of resistance (160 gold).
 18525 | Orc:2    | Bought a potion of resistance for 160 gold pieces
 18560 | Orc:2    | Identified the +2 scale mail of the Gardener {Harm rF- rC+
                  | Str+2} (Okawaru gifted it to you on level 2 of the Orcish
                  | Mines)
 18560 | Orc:2    | Received a gift from Okawaru
 18614 | Orc:2    | 18614 ||| INVOKING Heroism.
 18696 | Orc:2    | 18696 ||| INVOKING Heroism.
 18780 | Orc:2    | Noticed Jorgrun
 18781 | Orc:2    | 18781 ||| INVOKING Heroism.
 18782 | Orc:2    | 18782 ||| INVOKING Finesse.
 18786 | Orc:2    | Killed Jorgrun
 18839 | Orc:2    | 18839 ||| Stepping ~*~*~tactically~*~*~ (hiding).
 18956 | Orc:2    | 18956 ||| INVOKING Heroism.
 18959 | Orc:2    | 18959 ||| INVOKING Finesse.
 19044 | Orc:2    | Found Faku's Antique Weapon Shop.
 19046 | Orc:2    | Found Komemyji's Antique Armour Boutique.
 19093 | Orc:2    | 19093 ||| Stepping ~*~*~tactically~*~*~ (stealth).
 19095 | Orc:2    | 19095 ||| INVOKING Heroism.
 19096 | Orc:2    | 19096 ||| Stepping ~*~*~tactically~*~*~ (hiding).
 19112 | Orc:2    | 19112 ||| Stepping ~*~*~tactically~*~*~ (hiding).
 19118 | Orc:2    | 19118 ||| INVOKING Finesse.
 19119 | Orc:2    | 19119 ||| INVOKING Finesse.
 19229 | Orc:2    | 19229 ||| Stepping ~*~*~tactically~*~*~ (hiding).
 19231 | Orc:2    | 19231 ||| Stepping ~*~*~tactically~*~*~ (stealth).
 19232 | Orc:2    | 19232 ||| Stepping ~*~*~tactically~*~*~ (hiding).
 19234 | Orc:2    | 19234 ||| Stepping ~*~*~tactically~*~*~ (hiding).
 19235 | Orc:2    | 19235 ||| Stepping ~*~*~tactically~*~*~ (stealth).
 19239 | Orc:2    | 19239 ||| INVOKING Heroism.
 19258 | Orc:2    | 19258 ||| Stepping ~*~*~tactically~*~*~ (hiding).
 19262 | Orc:2    | 19262 ||| Stepping ~*~*~tactically~*~*~ (hiding).
 19297 | Orc:2    | 19297 ||| INVOKING Heroism.
 19299 | Orc:2    | 19299 ||| Stepping ~*~*~tactically~*~*~ (hiding).
 19300 | Orc:2    | 19300 ||| Stepping ~*~*~tactically~*~*~ (hiding).
 19308 | Orc:2    | 19308 ||| Stepping ~*~*~tactically~*~*~ (stealth).
 19362 | Orc:2    | 19362 ||| Stepping ~*~*~tactically~*~*~ (stealth).
 19372 | Orc:2    | 19372 ||| INVOKING Heroism.
 19374 | Orc:2    | 19374 ||| Stepping ~*~*~tactically~*~*~ (hiding).
 19503 | Orc:2    | 19503 ||| Stepping ~*~*~tactically~*~*~ (stealth).
 19504 | Orc:2    | 19504 ||| Stepping ~*~*~tactically~*~*~ (stealth).
 19529 | Orc:2    | Found Elal's Jewellery Shop.
 19534 | Orc:2    | 19534 ||| BUYING +4 ring of protection (540 gold).
 19534 | Orc:2    | Bought a +4 ring of protection for 540 gold pieces
 19534 | Orc:2    | 19534 ||| BUYING ring of the Catamount {Ice Str+3 Dex+4}
                  | (700 gold).
 19534 | Orc:2    | Bought the ring of the Catamount {Ice Str+3 Dex+4} for 700
                  | gold pieces
 19725 | Orc:2    | 19725 ||| INVOKING Heroism.
 19796 | Orc:2    | 19796 ||| DROPPING ring of ice.
 19797 | Orc:2    | 19797 ||| UPGRADING to +4 ring of protection.
 19844 | Orc:1    | 19844 ||| INVOKING Heroism.
 20054 | Orc:1    | 20054 ||| PLANNING SWAMP:1-3
 20244 | Swamp:1  | Entered Level 1 of the Swamp
 20266 | Swamp:1  | 20266 ||| Stepping ~*~*~tactically~*~*~ (hiding).
 20267 | Swamp:1  | 20267 ||| Stepping ~*~*~tactically~*~*~ (hiding).
 20280 | Swamp:1  | Reached skill level 15 in Shields
 20389 | Swamp:1  | 20389 ||| INVOKING Heroism.
 20443 | Swamp:1  | 20443 ||| INVOKING Heroism.
 20457 | Swamp:1  | 20457 ||| Stepping ~*~*~tactically~*~*~ (hiding).
 20469 | Swamp:1  | 20469 ||| Stepping ~*~*~tactically~*~*~ (stealth).
 20476 | Swamp:1  | 20476 ||| Stepping ~*~*~tactically~*~*~ (stealth).
 20477 | Swamp:1  | 20477 ||| Stepping ~*~*~tactically~*~*~ (stealth).
 20488 | Swamp:1  | 20488 ||| INVOKING Heroism.
 20500 | Swamp:1  | Noticed Frances
 20501 | Swamp:1  | 20501 ||| INVOKING Finesse.
 20513 | Swamp:1  | Killed Frances
 20606 | Swamp:1  | 20606 ||| Stepping ~*~*~tactically~*~*~ (hiding).
 20607 | Swamp:1  | 20607 ||| Stepping ~*~*~tactically~*~*~ (hiding).
 20608 | Swamp:1  | 20608 ||| Stepping ~*~*~tactically~*~*~ (hiding).
 20609 | Swamp:1  | 20609 ||| Stepping ~*~*~tactically~*~*~ (stealth).
 20775 | Swamp:1  | 20775 ||| DRINKING 2 grey potions.
 20778 | Swamp:1  | 20778 ||| INVOKING Heroism.
 20780 | Swamp:1  | Identified the +6 chain mail of the Six of Swords {rElec
                  | rC+ Str-3} (Okawaru gifted it to you on level 1 of the
                  | Swamp)
 20780 | Swamp:1  | Received a gift from Okawaru
 20781 | Swamp:1  | 20781 ||| Stepping ~*~*~tactically~*~*~ (cloud).
 20991 | Swamp:2  | 20991 ||| INVOKING Heroism.
 21063 | Swamp:2  | 21063 ||| INVOKING Heroism.
 21080 | Swamp:2  | Reached XP level 17. HP: 106/106 MP: 24/24
 21317 | Swamp:2  | 21317 ||| INVOKING Heroism.
 21323 | Swamp:2  | Paralysed by a fenstrider witch for 2 turns
 21332 | Swamp:2  | Reached skill level 15 in Armour
 21376 | Swamp:2  | 21376 ||| Stepping ~*~*~tactically~*~*~ (stealth).
 21378 | Swamp:2  | 21378 ||| Stepping ~*~*~tactically~*~*~ (hiding).
 21382 | Swamp:2  | 21382 ||| INVOKING Heroism.
 21662 | Swamp:3  | 21662 ||| INVOKING Heroism.
 21689 | Swamp:3  | 21689 ||| Stepping ~*~*~tactically~*~*~ (hiding).
 21693 | Swamp:3  | 21693 ||| Stepping ~*~*~tactically~*~*~ (stealth).
 21792 | Swamp:3  | 21792 ||| INVOKING Heroism.
 21877 | Swamp:3  | Identified the +5 falchion of Amiagy {venom, *Rage rN+
                  | Str+4 Int+3}
 21887 | Swamp:3  | Identified the +2 pair of boots of the Imp {MP+9}
 21959 | Swamp:3  | 21959 ||| READING scroll of enchant armour.
 21959 | Swamp:3  | 21959 ||| ENCHANTING +1 pair of boots.
 22063 | Swamp:3  | 22063 ||| PLANNING SNAKE:1-3
 22063 | Swamp:3  | 22063 ||| DROPPING +2 pair of boots of the Imp {MP+9}.
 22170 | Snake:1  | Entered Level 1 of the Snake Pit
 22172 | Snake:1  | 22172 ||| INVOKING Heroism.
 22195 | Snake:1  | 22195 ||| Stepping ~*~*~tactically~*~*~ (stealth).
 22218 | Snake:1  | 22218 ||| Stepping ~*~*~tactically~*~*~ (hiding).
 22219 | Snake:1  | 22219 ||| Stepping ~*~*~tactically~*~*~ (hiding).
 22238 | Snake:1  | 22238 ||| Stepping ~*~*~tactically~*~*~ (stealth).
 22336 | Snake:1  | 22336 ||| Stepping ~*~*~tactically~*~*~ (hiding).
 22347 | Snake:1  | 22347 ||| INVOKING Heroism.
 22497 | Snake:1  | 22497 ||| Stepping ~*~*~tactically~*~*~ (hiding).
 22502 | Snake:1  | 22502 ||| Stepping ~*~*~tactically~*~*~ (hiding).
 22548 | Snake:1  | 22548 ||| Stepping ~*~*~tactically~*~*~ (hiding).
 22662 | Snake:1  | 22662 ||| Stepping ~*~*~tactically~*~*~ (stealth).
 22663 | Snake:1  | 22663 ||| Stepping ~*~*~tactically~*~*~ (stealth).
 22673 | Snake:1  | 22673 ||| Stepping ~*~*~tactically~*~*~ (hiding).
 22688 | Snake:1  | 22688 ||| Stepping ~*~*~tactically~*~*~ (hiding).
 22692 | Snake:1  | 22692 ||| INVOKING Heroism.
 22750 | Snake:1  | Noticed Aizul
 22751 | Snake:1  | 22751 ||| INVOKING Heroism.
 22752 | Snake:1  | 22752 ||| INVOKING Finesse.
 22762 | Snake:1  | Killed Aizul
 22854 | Snake:1  | 22854 ||| INVOKING Heroism.
 22866 | Snake:1  | Received a gift from Okawaru
 23588 | Snake:2  | Found a radiant altar of Vehumet.
 23589 | Snake:2  | 23589 ||| Stepping ~*~*~tactically~*~*~ (stealth).
 23603 | Snake:2  | 23603 ||| Stepping ~*~*~tactically~*~*~ (hiding).
 23610 | Snake:2  | 23610 ||| Stepping ~*~*~tactically~*~*~ (stealth).
 23611 | Snake:2  | 23611 ||| Stepping ~*~*~tactically~*~*~ (hiding).
 23648 | Snake:2  | 23648 ||| INVOKING Heroism.
 23649 | Snake:2  | Noticed Vashnia
 23649 | Snake:2  | Noticed Saint Roka
 23650 | Snake:2  | 23650 ||| INVOKING Finesse.
 23664 | Snake:2  | Received a gift from Okawaru
 23674 | Snake:2  | Killed Saint Roka
 23688 | Snake:2  | Killed Vashnia
 23710 | Snake:2  | Received a gift from Okawaru
 23719 | Snake:2  | Reached XP level 18. HP: 75/114 MP: 22/25
 23792 | Snake:2  | Found Dirol's General Store.
 23798 | Snake:2  | 23798 ||| INVOKING Heroism.
 23801 | Snake:2  | 23801 ||| Stepping ~*~*~tactically~*~*~ (stealth).
 23826 | Snake:2  | 23826 ||| BUYING 3 scrolls of identify (108 gold).
 23826 | Snake:2  | Bought 3 scrolls of identify for 108 gold pieces
 23871 | Snake:2  | 23871 ||| Stepping ~*~*~tactically~*~*~ (hiding).
 23880 | Snake:2  | 23880 ||| Stepping ~*~*~tactically~*~*~ (stealth).
 23882 | Snake:2  | 23882 ||| INVOKING Heroism.
 23971 | Snake:2  | 23971 ||| Stepping ~*~*~tactically~*~*~ (hiding).
 24218 | Snake:2  | 24218 ||| Stepping ~*~*~tactically~*~*~ (hiding).
 24219 | Snake:2  | 24219 ||| Stepping ~*~*~tactically~*~*~ (hiding).
 24224 | Snake:2  | 24224 ||| Stepping ~*~*~tactically~*~*~ (hiding).
 24228 | Snake:2  | 24228 ||| INVOKING Heroism.
 24267 | Snake:2  | 24267 ||| Stepping ~*~*~tactically~*~*~ (hiding).
 24274 | Snake:2  | Reached skill level 3 in Dodging
 24405 | Snake:2  | 24405 ||| Stepping ~*~*~tactically~*~*~ (hiding).
 24406 | Snake:2  | 24406 ||| Stepping ~*~*~tactically~*~*~ (hiding).
 24407 | Snake:2  | 24407 ||| Stepping ~*~*~tactically~*~*~ (hiding).
 24890 | Snake:3  | 24890 ||| STAIRDANCE
 24902 | Snake:3  | 24902 ||| STAIRDANCE
 24904 | Snake:2  | 24904 ||| INVOKING Heroism.
 24948 | Snake:3  | 24948 ||| INVOKING Heroism.
 24949 | Snake:3  | 24949 ||| STAIRDANCE
 24962 | Snake:3  | 24962 ||| STAIRDANCE
 25065 | Snake:3  | 25065 ||| INVOKING Heroism.
 25169 | Snake:3  | 25169 ||| Stepping ~*~*~tactically~*~*~ (stealth).
 25174 | Snake:3  | 25174 ||| Stepping ~*~*~tactically~*~*~ (hiding).
 25225 | Snake:3  | 25225 ||| INVOKING Heroism.
 25238 | Snake:3  | Received a gift from Okawaru
 25280 | Snake:3  | 25280 ||| Stepping ~*~*~tactically~*~*~ (hiding).
 25281 | Snake:3  | 25281 ||| Stepping ~*~*~tactically~*~*~ (hiding).
 25282 | Snake:3  | 25282 ||| Stepping ~*~*~tactically~*~*~ (hiding).
 25288 | Snake:3  | 25288 ||| INVOKING Heroism.
 25306 | Snake:3  | 25306 ||| INVOKING Heroism.
 25308 | Snake:3  | Received a gift from Okawaru
 25315 | Snake:3  | Reached skill level 18 in Axes
 25339 | Snake:3  | Found Rusaklug's Assorted Antiques.
 25353 | Snake:3  | 25353 ||| BUYING pair of runed gloves (255 gold).
 25353 | Snake:3  | Bought a pair of runed gloves for 255 gold pieces
 25353 | Snake:3  | 25353 ||| BUYING potion of magic (272 gold).
 25353 | Snake:3  | Bought a potion of magic for 272 gold pieces
 25353 | Snake:3  | 25353 ||| SHOPLISTING ring of protection from cold (850
                  | gold, have 639).
 25353 | Snake:3  | 25353 ||| BUYING scroll of enchant weapon (255 gold).
 25353 | Snake:3  | Bought a scroll of enchant weapon for 255 gold pieces
 25353 | Snake:3  | 25353 ||| BUYING scroll of enchant weapon (255 gold).
 25353 | Snake:3  | Bought a scroll of enchant weapon for 255 gold pieces
 25353 | Snake:3  | 25353 ||| BUYING scroll of teleportation (102 gold).
 25353 | Snake:3  | Bought a scroll of teleportation for 102 gold pieces
 25380 | Snake:3  | Noticed Agnes
 25383 | Snake:3  | 25383 ||| INVOKING Heroism.
 25384 | Snake:3  | 25384 ||| INVOKING Finesse.
 25391 | Snake:3  | Killed Agnes
 25466 | Snake:3  | Identified the ring of Kige {Wiz rC+ Dex+5 Slay+2}
 25654 | Snake:3  | 25654 ||| DROPPING +2 pair of gloves of infusion.
 25655 | Snake:3  | 25655 ||| UPGRADING to ring of Kige {Wiz rC+ Dex+5 Slay+2}.
 25657 | Snake:3  | 25657 ||| DROPPING +4 ring of evasion.
 25686 | Snake:4  | Entered Level 4 of the Snake Pit
 25694 | Snake:4  | 25694 ||| Stepping ~*~*~tactically~*~*~ (hiding).
 25698 | Snake:4  | 25698 ||| INVOKING Heroism.
 25702 | Snake:4  | Noticed Louise
 25732 | Snake:4  | Killed Louise
 25732 | Snake:4  | Received a gift from Okawaru
 25781 | Snake:4  | Found Gaumoat's Magic Scroll Emporium.
 25789 | Snake:4  | 25789 ||| SHOPLISTING scroll of enchant armour (120 gold,
                  | have 84).
 25789 | Snake:4  | 25789 ||| BUYING scroll of teleportation (48 gold).
 25789 | Snake:4  | Bought a scroll of teleportation for 48 gold pieces
 25813 | Snake:4  | Found a frozen archway.
 25816 | Snake:4  | 25816 ||| INVOKING Heroism.
 25897 | Snake:4  | Found Wairghea's Book Emporium.
 25926 | Snake:4  | 25926 ||| INVOKING Heroism.
 26031 | Snake:4  | Found Qohifid's Magic Scroll Emporium.
 26037 | Snake:4  | 26037 ||| SHOPLISTING scroll of teleportation (48 gold,
                  | have 36).
 26132 | Snake:4  | 26132 ||| Stepping ~*~*~tactically~*~*~ (hiding).
 26149 | Snake:4  | Found Ypry's CLEARANCE SALE!.
 26150 | Snake:4  | 26150 ||| Stepping ~*~*~tactically~*~*~ (hiding).
 26154 | Snake:4  | 26154 ||| INVOKING Heroism.
 26274 | Snake:4  | 26274 ||| BUYING potion of cancellation (48 gold).
 26274 | Snake:4  | Bought a potion of cancellation for 48 gold pieces
 26274 | Snake:4  | 26274 ||| SHOPLISTING potion of lignification (18 gold,
                  | have 13).
 26383 | Snake:4  | 26383 ||| INVOKING Heroism.
 26395 | Snake:4  | 26395 ||| Stepping ~*~*~tactically~*~*~ (hiding).
 26408 | Snake:4  | 26408 ||| Stepping ~*~*~tactically~*~*~ (hiding).
 26443 | Snake:4  | 26443 ||| Stepping ~*~*~tactically~*~*~ (hiding).
 26444 | Snake:4  | 26444 ||| Stepping ~*~*~tactically~*~*~ (hiding).
 26446 | Snake:4  | 26446 ||| Stepping ~*~*~tactically~*~*~ (hiding).
 26447 | Snake:4  | 26447 ||| Stepping ~*~*~tactically~*~*~ (hiding).
 26448 | Snake:4  | 26448 ||| INVOKING Heroism.
 26482 | Snake:4  | Identified the +3 scale mail "Ofodyd" {+Inv MP-9 Str+2
                  | Slay+5} (Okawaru gifted it to you on level 4 of the Snake
                  | Pit)
 26482 | Snake:4  | Received a gift from Okawaru
 26499 | Snake:4  | Reached XP level 19. HP: 113/120 MP: 26/26
 26500 | Snake:4  | 26500 ||| INVOKING Heroism.
 26524 | Snake:4  | 26524 ||| Stepping ~*~*~tactically~*~*~ (hiding).
 26573 | Snake:4  | 26573 ||| Stepping ~*~*~tactically~*~*~ (stealth).
 26607 | Snake:4  | 26607 ||| INVOKING Heroism.
 26632 | Snake:4  | Got a serpentine rune of Zot
 26773 | Snake:4  | 26773 ||| INVOKING Heroism.
 26892 | Snake:3  | 26892 ||| INVOKING Heroism.
 26898 | Snake:3  | Reached skill level 18 in Shields
 26959 | Snake:3  | 26959 ||| INVOKING Heroism.
 26980 | Snake:3  | 26980 ||| Stepping ~*~*~tactically~*~*~ (hiding).
 27104 | Snake:3  | 27104 ||| READING scroll of enchant armour.
 27104 | Snake:3  | 27104 ||| ENCHANTING +0 cloak.
 27108 | Snake:3  | Identified the +3 leather armour "Idusunom" {rF++ MP+9
                  | Int-2}
 27111 | Snake:3  | 27111 ||| PLANNING SWAMP:4
 27355 | Swamp:4  | Entered Level 4 of the Swamp
 27453 | Swamp:4  | 27453 ||| Stepping ~*~*~tactically~*~*~ (stealth).
 27454 | Swamp:4  | 27454 ||| Stepping ~*~*~tactically~*~*~ (stealth).
 27456 | Swamp:4  | 27456 ||| INVOKING Heroism.
 27515 | Swamp:4  | 27515 ||| Stepping ~*~*~tactically~*~*~ (hiding).
 27516 | Swamp:4  | 27516 ||| Stepping ~*~*~tactically~*~*~ (hiding).
 27544 | Swamp:4  | 27544 ||| Stepping ~*~*~tactically~*~*~ (stealth).
 27546 | Swamp:4  | 27546 ||| Stepping ~*~*~tactically~*~*~ (stealth).
 27550 | Swamp:4  | 27550 ||| Stepping ~*~*~tactically~*~*~ (stealth).
 27551 | Swamp:4  | 27551 ||| Stepping ~*~*~tactically~*~*~ (stealth).
 27556 | Swamp:4  | 27556 ||| Stepping ~*~*~tactically~*~*~ (stealth).
 27565 | Swamp:4  | 27565 ||| Stepping ~*~*~tactically~*~*~ (hiding).
 27573 | Swamp:4  | 27573 ||| INVOKING Heroism.
 27576 | Swamp:4  | 27576 ||| INVOKING Finesse.
 27589 | Swamp:4  | Reached skill level 18 in Armour
 27592 | Swamp:4  | Received a gift from Okawaru
 27621 | Swamp:4  | 27621 ||| Stepping ~*~*~tactically~*~*~ (stealth).
 27641 | Swamp:4  | 27641 ||| INVOKING Heroism.
 27654 | Swamp:4  | Received a gift from Okawaru
 27693 | Swamp:4  | Got a decaying rune of Zot
 27717 | Swamp:4  | 27717 ||| Stepping ~*~*~tactically~*~*~ (hiding).
 27719 | Swamp:4  | 27719 ||| Stepping ~*~*~tactically~*~*~ (hiding).
 27725 | Swamp:4  | 27725 ||| FLEEEEING.
 27731 | Swamp:4  | 27731 ||| INVOKING Heroism.
 27845 | Swamp:4  | 27845 ||| INVOKING Heroism.
 28033 | Swamp:4  | 28033 ||| PLANNING VAULTS:1-4
 28308 | Vaults:1 | Entered Level 1 of the Vaults
 28345 | Vaults:1 | 28345 ||| Stepping ~*~*~tactically~*~*~ (stealth).
 28426 | Vaults:1 | 28426 ||| Stepping ~*~*~tactically~*~*~ (hiding).
 28431 | Vaults:1 | 28431 ||| INVOKING Heroism.
 28442 | Vaults:1 | Reached skill level 15 in Fighting
 28479 | Vaults:1 | 28479 ||| INVOKING Heroism.
 28552 | Vaults:1 | Received a gift from Okawaru
 28560 | Vaults:1 | 28560 ||| Stepping ~*~*~tactically~*~*~ (stealth).
 28561 | Vaults:1 | 28561 ||| Stepping ~*~*~tactically~*~*~ (stealth).
 28634 | Vaults:1 | 28634 ||| INVOKING Heroism.
 28678 | Vaults:1 | 28678 ||| Stepping ~*~*~tactically~*~*~ (stealth).
 28679 | Vaults:1 | 28679 ||| Stepping ~*~*~tactically~*~*~ (stealth).
 28713 | Vaults:1 | 28713 ||| Stepping ~*~*~tactically~*~*~ (stealth).
 28857 | Vaults:1 | 28857 ||| Stepping ~*~*~tactically~*~*~ (hiding).
 28860 | Vaults:1 | 28860 ||| Stepping ~*~*~tactically~*~*~ (hiding).
 28868 | Vaults:1 | 28868 ||| INVOKING Heroism.
 29030 | Vaults:1 | 29030 ||| INVOKING Heroism.
 29032 | Vaults:1 | Reached XP level 20. HP: 88/129 MP: 24/27
 29037 | Vaults:1 | Reached skill level 9 in Throwing
 29202 | Vaults:1 | Found a runed translucent door.
 29212 | Vaults:1 | Identified the +1 robe of Yliasiur {rElec rCorr}
 29218 | Vaults:1 | 29218 ||| Stepping ~*~*~tactically~*~*~ (hiding).
 29220 | Vaults:1 | 29220 ||| INVOKING Heroism.
 29350 | Vaults:1 | 29350 ||| Stepping ~*~*~tactically~*~*~ (stealth).
 29423 | Vaults:1 | Noticed qw's ghost (adept GrFi)
 29463 | Vaults:1 | 29463 ||| INVOKING Heroism.
 29464 | Vaults:1 | 29464 ||| INVOKING Finesse.
 29691 | Vaults:1 | 29691 ||| DROPPING scarf of invisibility.
 29741 | Vaults:2 | 29741 ||| INVOKING Heroism.
 29745 | Vaults:2 | 29745 ||| INVOKING Finesse.
 29762 | Vaults:2 | 29762 ||| FLEEEEING.
 29763 | Vaults:2 | 29763 ||| FLEEEEING.
 29764 | Vaults:2 | 29764 ||| FLEEEEING.
 29765 | Vaults:2 | 29765 ||| FLEEEEING.
 29766 | Vaults:2 | 29766 ||| STAIRDANCE
 30017 | Vaults:2 | Noticed Frederick
 30018 | Vaults:2 | 30018 ||| Stepping ~*~*~tactically~*~*~ (stealth).
 30019 | Vaults:2 | 30019 ||| Stepping ~*~*~tactically~*~*~ (stealth).
 30020 | Vaults:2 | 30020 ||| Stepping ~*~*~tactically~*~*~ (stealth).
 30021 | Vaults:2 | 30021 ||| INVOKING Heroism.
 30022 | Vaults:2 | 30022 ||| INVOKING Finesse.
 30033 | Vaults:2 | Killed Frederick
 30171 | Vaults:2 | Found Valeaghi's Distillery.
 30179 | Vaults:2 | Noticed Donald
 30186 | Vaults:2 | Killed Donald
 30187 | Vaults:2 | 30187 ||| FLEEEEING.
 30188 | Vaults:2 | 30188 ||| FLEEEEING.
 30189 | Vaults:2 | 30189 ||| FLEEEEING.
 30190 | Vaults:2 | 30190 ||| FLEEEEING.
 30191 | Vaults:2 | 30191 ||| FLEEEEING.
 30192 | Vaults:2 | 30192 ||| FLEEEEING.
 30206 | Vaults:2 | 30206 ||| Stepping ~*~*~tactically~*~*~ (stealth).
 30215 | Vaults:2 | 30215 ||| Stepping ~*~*~tactically~*~*~ (hiding).
 30219 | Vaults:2 | Identified the +7 hand axe "Japnaown" {drain, +Blink}
                  | (Okawaru gifted it to you on level 2 of the Vaults)
 30219 | Vaults:2 | Received a gift from Okawaru
 30231 | Vaults:2 | 30231 ||| BUYING potion of attraction (57 gold).
 30231 | Vaults:2 | Bought a potion of attraction for 57 gold pieces
 30231 | Vaults:2 | 30231 ||| BUYING potion of curing (57 gold).
 30231 | Vaults:2 | Bought a potion of curing for 57 gold pieces
 30231 | Vaults:2 | 30231 ||| BUYING potion of heal wounds (95 gold).
 30231 | Vaults:2 | Bought a potion of heal wounds for 95 gold pieces
 30231 | Vaults:2 | 30231 ||| BUYING potion of might (76 gold).
 30231 | Vaults:2 | Bought a potion of might for 76 gold pieces
 30231 | Vaults:2 | 30231 ||| BUYING potion of might (76 gold).
 30231 | Vaults:2 | Bought a potion of might for 76 gold pieces
 30330 | Vaults:2 | 30330 ||| Stepping ~*~*~tactically~*~*~ (hiding).
 30336 | Vaults:2 | 30336 ||| Stepping ~*~*~tactically~*~*~ (hiding).
 30366 | Vaults:2 | 30366 ||| Stepping ~*~*~tactically~*~*~ (stealth).
 30368 | Vaults:2 | 30368 ||| Stepping ~*~*~tactically~*~*~ (hiding).
 30379 | Vaults:2 | 30379 ||| Stepping ~*~*~tactically~*~*~ (hiding).
 30394 | Vaults:2 | 30394 ||| INVOKING Finesse.
 30456 | Vaults:2 | 30456 ||| INVOKING Heroism.
 30480 | Vaults:2 | 30480 ||| Stepping ~*~*~tactically~*~*~ (stealth).
 30629 | Vaults:2 | 30629 ||| Stepping ~*~*~tactically~*~*~ (stealth).
 30630 | Vaults:2 | 30630 ||| Stepping ~*~*~tactically~*~*~ (stealth).
 30687 | Vaults:2 | 30687 ||| INVOKING Heroism.
 30762 | Vaults:2 | Found a transporter.
 30803 | Vaults:2 | Found a transporter.
 30914 | Vaults:2 | 30914 ||| Stepping ~*~*~tactically~*~*~ (hiding).
 30915 | Vaults:2 | 30915 ||| Stepping ~*~*~tactically~*~*~ (hiding).
 30919 | Vaults:2 | 30919 ||| Stepping ~*~*~tactically~*~*~ (hiding).
 30921 | Vaults:2 | 30921 ||| Stepping ~*~*~tactically~*~*~ (hiding).
 31041 | Vaults:2 | Identified the +1 bardiche of the Silent Majority {venom,
                  | rF+ rC- Will+ Dex+9} (Okawaru gifted it to you on level 2
                  | of the Vaults)
 31041 | Vaults:2 | Received a gift from Okawaru
 31063 | Vaults:2 | 31063 ||| Stepping ~*~*~tactically~*~*~ (hiding).
 31204 | Vaults:2 | 31204 ||| FLEEEEING.
 31257 | Vaults:2 | 31257 ||| Stepping ~*~*~tactically~*~*~ (hiding).
 31259 | Vaults:2 | 31259 ||| Stepping ~*~*~tactically~*~*~ (hiding).
 31397 | Vaults:2 | 31397 ||| Stepping ~*~*~tactically~*~*~ (hiding).
 31399 | Vaults:2 | 31399 ||| Stepping ~*~*~tactically~*~*~ (hiding).
 31401 | Vaults:2 | 31401 ||| Stepping ~*~*~tactically~*~*~ (hiding).
 31554 | Vaults:2 | Noticed Jory
 31562 | Vaults:2 | Killed Jory
 31695 | Vaults:3 | 31695 ||| INVOKING Heroism.
 31697 | Vaults:3 | 31697 ||| Stepping ~*~*~tactically~*~*~ (stealth).
 31703 | Vaults:3 | 31703 ||| Stepping ~*~*~tactically~*~*~ (stealth).
 31712 | Vaults:3 | 31712 ||| Stepping ~*~*~tactically~*~*~ (stealth).
 31713 | Vaults:3 | 31713 ||| Stepping ~*~*~tactically~*~*~ (stealth).
 31716 | Vaults:3 | 31716 ||| Stepping ~*~*~tactically~*~*~ (stealth).
 31814 | Vaults:3 | Paralysed by a sphinx for 4 turns
 31819 | Vaults:3 | 31819 ||| INVOKING Heroism.
 31890 | Vaults:3 | 31890 ||| Stepping ~*~*~tactically~*~*~ (hiding).
 31891 | Vaults:3 | 31891 ||| INVOKING Heroism.
 31910 | Vaults:3 | 31910 ||| Stepping ~*~*~tactically~*~*~ (hiding).
 31929 | Vaults:3 | Received a gift from Okawaru
 31956 | Vaults:3 | Reached XP level 21. HP: 133/138 MP: 28/28
 31969 | Vaults:3 | Received a gift from Okawaru
 31987 | Vaults:3 | 31987 ||| Stepping ~*~*~tactically~*~*~ (stealth).
 31988 | Vaults:3 | 31988 ||| Stepping ~*~*~tactically~*~*~ (stealth).
 32121 | Vaults:3 | 32121 ||| INVOKING Heroism.
 32171 | Vaults:3 | Reached skill level 6 in Dodging
 32181 | Vaults:3 | Received a gift from Okawaru
 32319 | Vaults:3 | 32319 ||| Stepping ~*~*~tactically~*~*~ (hiding).
 32351 | Vaults:3 | 32351 ||| Stepping ~*~*~tactically~*~*~ (stealth).
 32431 | Vaults:3 | 32431 ||| Stepping ~*~*~tactically~*~*~ (hiding).
 32584 | Vaults:3 | 32584 ||| INVOKING Heroism.
 32788 | Vaults:3 | 32788 ||| Stepping ~*~*~tactically~*~*~ (hiding).
 32834 | Vaults:3 | 32834 ||| Stepping ~*~*~tactically~*~*~ (hiding).
 32835 | Vaults:3 | 32835 ||| Stepping ~*~*~tactically~*~*~ (hiding).
 32848 | Vaults:3 | 32848 ||| FLEEEEING.
 32849 | Vaults:3 | 32849 ||| FLEEEEING.
 32850 | Vaults:3 | 32850 ||| FLEEEEING.
 32851 | Vaults:3 | 32851 ||| FLEEEEING.
 32855 | Vaults:3 | 32855 ||| INVOKING Heroism.
 32910 | Vaults:3 | Found a staircase to the Crypt.
 33028 | Vaults:3 | 33028 ||| Stepping ~*~*~tactically~*~*~ (stealth).
 33030 | Vaults:3 | 33030 ||| Stepping ~*~*~tactically~*~*~ (stealth).
 33032 | Vaults:3 | 33032 ||| Stepping ~*~*~tactically~*~*~ (stealth).
 33034 | Vaults:3 | 33034 ||| Stepping ~*~*~tactically~*~*~ (stealth).
 33036 | Vaults:3 | 33036 ||| INVOKING Heroism.
 33068 | Vaults:3 | 33068 ||| UPGRADING to +2 cloak of preservation.
 33078 | Vaults:3 | 33078 ||| DROPPING +1 cloak.
 33131 | Vaults:4 | Found a huge runed gate.
 33131 | Vaults:4 | Found a huge runed gate.
 33131 | Vaults:4 | Found a huge runed gate.
 33131 | Vaults:4 | Found a huge runed gate.
 33131 | Vaults:4 | Found a huge runed gate.
 33132 | Vaults:4 | Found a huge runed gate.
 33132 | Vaults:4 | Found a huge runed gate.
 33132 | Vaults:4 | Found a huge runed gate.
 33132 | Vaults:4 | Found a huge runed gate.
 33135 | Vaults:4 | Found a huge runed gate.
 33135 | Vaults:4 | Found a huge runed gate.
 33135 | Vaults:4 | Found a huge runed gate.
 33135 | Vaults:4 | Found a huge runed gate.
 33135 | Vaults:4 | Found a huge runed gate.
 33135 | Vaults:4 | Found a huge runed gate.
 33136 | Vaults:4 | Found a huge runed gate.
 33137 | Vaults:4 | Found a huge runed gate.
 33138 | Vaults:4 | Found a huge runed gate.
 33146 | Vaults:4 | Found a huge runed gate.
 33146 | Vaults:4 | Found a huge runed gate.
 33146 | Vaults:4 | Found a huge runed gate.
 33146 | Vaults:4 | Found a huge runed gate.
 33146 | Vaults:4 | Found a huge runed gate.
 33146 | Vaults:4 | Found a huge runed gate.
 33147 | Vaults:4 | Found a huge runed gate.
 33148 | Vaults:4 | Found a huge runed gate.
 33149 | Vaults:4 | Found a huge runed gate.
 33156 | Vaults:4 | Noticed Mara
 33157 | Vaults:4 | 33157 ||| Stepping ~*~*~tactically~*~*~ (hiding).
 33159 | Vaults:4 | 33159 ||| INVOKING Heroism.
 33160 | Vaults:4 | 33160 ||| INVOKING Finesse.
 33162 | Vaults:4 | Noticed qw's illusion
 33168 | Vaults:4 | Found a huge runed gate.
 33168 | Vaults:4 | Found a huge runed gate.
 33168 | Vaults:4 | Found a huge runed gate.
 33168 | Vaults:4 | Found a huge runed gate.
 33168 | Vaults:4 | Found a huge runed gate.
 33168 | Vaults:4 | Found a huge runed gate.
 33168 | Vaults:4 | Found a huge runed gate.
 33169 | Vaults:4 | Noticed qw's illusion
 33169 | Vaults:4 | 33169 ||| Stepping ~*~*~tactically~*~*~ (hiding).
 33169 | Vaults:4 | Found a huge runed gate.
 33170 | Vaults:4 | Found a huge runed gate.
 33188 | Vaults:4 | Killed Mara
 33248 | Vaults:4 | 33248 ||| FLEEEEING.
 33249 | Vaults:4 | 33249 ||| FLEEEEING.
 33264 | Vaults:4 | 33264 ||| FLEEEEING.
 33265 | Vaults:4 | 33265 ||| FLEEEEING.
 33268 | Vaults:4 | 33268 ||| INVOKING Heroism.
 33288 | Vaults:4 | Received a gift from Okawaru
 33404 | Vaults:4 | 33404 ||| Stepping ~*~*~tactically~*~*~ (stealth).
 33667 | Vaults:4 | 33667 ||| INVOKING Heroism.
 33688 | Vaults:4 | 33688 ||| Stepping ~*~*~tactically~*~*~ (hiding).
 33706 | Vaults:4 | 33706 ||| INVOKING Heroism.
 33815 | Vaults:4 | 33815 ||| Stepping ~*~*~tactically~*~*~ (hiding).
 34030 | Vaults:4 | Reached skill level 21 in Armour
 34437 | Vaults:4 | 34437 ||| INVOKING Heroism.
 34536 | Vaults:4 | 34536 ||| PLANNING DEPTHS
 34712 | Depths:1 | Entered Level 1 of the Depths
 34720 | Depths:1 | 34720 ||| Stepping ~*~*~tactically~*~*~ (hiding).
 34775 | Depths:1 | 34775 ||| Stepping ~*~*~tactically~*~*~ (stealth).
 34776 | Depths:1 | Identified the +1 plate armour of Ecziynli {rF+}
 34777 | Depths:1 | 34777 ||| Stepping ~*~*~tactically~*~*~ (hiding).
 34778 | Depths:1 | 34778 ||| Stepping ~*~*~tactically~*~*~ (hiding).
 34780 | Depths:1 | 34780 ||| Stepping ~*~*~tactically~*~*~ (hiding).
 34782 | Depths:1 | 34782 ||| Stepping ~*~*~tactically~*~*~ (hiding).
 34783 | Depths:1 | 34783 ||| Stepping ~*~*~tactically~*~*~ (hiding).
 34799 | Depths:1 | 34799 ||| Stepping ~*~*~tactically~*~*~ (stealth).
 34819 | Depths:1 | 34819 ||| Stepping ~*~*~tactically~*~*~ (hiding).
 34835 | Depths:1 | Received a gift from Okawaru
 34836 | Depths:1 | Reached skill level 18 in Fighting
 34837 | Depths:1 | 34837 ||| DROPPING +3 war axe of venom.
 34881 | Depths:1 | Found a broken altar of Ashenzari.
 34882 | Depths:1 | 34882 ||| Stepping ~*~*~tactically~*~*~ (stealth).
 34886 | Depths:1 | 34886 ||| INVOKING Heroism.
 34957 | Depths:1 | 34957 ||| Stepping ~*~*~tactically~*~*~ (hiding).
 34959 | Depths:1 | 34959 ||| Stepping ~*~*~tactically~*~*~ (stealth).
 34962 | Depths:1 | 34962 ||| INVOKING Heroism.
 34963 | Depths:1 | 34963 ||| INVOKING Finesse.
 35005 | Depths:1 | Found a blossoming altar of Fedhas.
 35135 | Depths:1 | 35135 ||| Stepping ~*~*~tactically~*~*~ (hiding).
 35316 | Depths:1 | 35316 ||| INVOKING Heroism.
 35322 | Depths:1 | Reached XP level 22. HP: 121/147 MP: 27/29
 35443 | Depths:1 | Found a gateway to Hell.
 35447 | Depths:1 | 35447 ||| Stepping ~*~*~tactically~*~*~ (hiding).
 35449 | Depths:1 | 35449 ||| Stepping ~*~*~tactically~*~*~ (stealth).
 35450 | Depths:1 | 35450 ||| Stepping ~*~*~tactically~*~*~ (hiding).
 35451 | Depths:1 | 35451 ||| Stepping ~*~*~tactically~*~*~ (hiding).
 35454 | Depths:1 | 35454 ||| INVOKING Heroism.
 35506 | Depths:1 | Noticed a golden dragon
 35507 | Depths:1 | 35507 ||| INVOKING Finesse.
 35511 | Depths:1 | Received a gift from Okawaru
 35511 | Depths:1 | Noticed a juggernaut
 35513 | Depths:1 | 35513 ||| INVOKING Heroism.
 35520 | Depths:1 | 35520 ||| Stepping ~*~*~tactically~*~*~ (hiding).
 35540 | Depths:1 | Killed a juggernaut
 35548 | Depths:1 | Killed a golden dragon
 35571 | Depths:1 | Received a gift from Okawaru
 35586 | Depths:1 | 35586 ||| INVOKING Finesse.
 35615 | Depths:1 | 35615 ||| INVOKING Finesse.
 35880 | Depths:2 | 35880 ||| STAIRDANCE
 35921 | Depths:2 | 35921 ||| INVOKING Heroism.
 35934 | Depths:2 | 35934 ||| Stepping ~*~*~tactically~*~*~ (hiding).
 35935 | Depths:2 | 35935 ||| INVOKING Finesse.
 35945 | Depths:2 | 35945 ||| Stepping randomly (cloudy).
 35947 | Depths:2 | 35947 ||| Stepping randomly (cloudy).
 35948 | Depths:2 | 35948 ||| Stepping randomly (cloudy).
 35977 | Depths:2 | 35977 ||| READING 19 scrolls of teleportation.
 35982 | Depths:2 | 35982 ||| INVOKING Heroism.
 36052 | Depths:2 | 36052 ||| INVOKING Heroism.
 36115 | Depths:2 | 36115 ||| INVOKING Heroism.
 36122 | Depths:2 | Received a gift from Okawaru
 36129 | Depths:2 | 36129 ||| INVOKING Finesse.
 36197 | Depths:2 | 36197 ||| INVOKING Heroism.
 36404 | Depths:2 | Found a glowing silver altar of Zin.
 36453 | Depths:2 | 36453 ||| Stepping ~*~*~tactically~*~*~ (hiding).
 36501 | Depths:2 | 36501 ||| READING 18 scrolls of teleportation.
 36528 | Depths:2 | 36528 ||| READING 17 scrolls of teleportation.
 36796 | Depths:2 | 36796 ||| READING 17 scrolls of teleportation.
 36852 | Depths:2 | 36852 ||| READING 16 scrolls of teleportation.
 36893 | Depths:2 | 36893 ||| INVOKING Heroism.
 36894 | Depths:2 | 36894 ||| INVOKING Finesse.
 36939 | Depths:2 | Noticed a dread lich
 36940 | Depths:2 | 36940 ||| INVOKING Heroism.
 36941 | Depths:2 | 36941 ||| Stepping ~*~*~tactically~*~*~ (hiding).
 36942 | Depths:2 | 36942 ||| INVOKING Finesse.
 36952 | Depths:2 | Killed a dread lich
 37041 | Depths:2 | 37041 ||| INVOKING Heroism.
 37042 | Depths:2 | 37042 ||| INVOKING Finesse.
 37133 | Depths:2 | Found a one-way gate leading to the halls of Pandemonium.
 37253 | Depths:3 | Found a sparkling altar of Nemelex Xobeh.
 37286 | Depths:3 | 37286 ||| INVOKING Heroism.
 37287 | Depths:3 | 37287 ||| INVOKING Finesse.
 37350 | Depths:3 | 37350 ||| Stepping ~*~*~tactically~*~*~ (hiding).
 37399 | Depths:3 | 37399 ||| Stepping ~*~*~tactically~*~*~ (stealth).
 37400 | Depths:3 | 37400 ||| Stepping ~*~*~tactically~*~*~ (stealth).
 37409 | Depths:3 | 37409 ||| INVOKING Heroism.
 37452 | Depths:3 | 37452 ||| Stepping ~*~*~tactically~*~*~ (hiding).
 37455 | Depths:3 | 37455 ||| Stepping ~*~*~tactically~*~*~ (hiding).
 37460 | Depths:3 | 37460 ||| INVOKING Finesse.
 37461 | Depths:3 | 37461 ||| Stepping ~*~*~tactically~*~*~ (stealth).
 37469 | Depths:3 | 37469 ||| INVOKING Heroism.
 37473 | Depths:3 | Reached XP level 23. HP: 150/156 MP: 23/30
 37614 | Depths:3 | 37614 ||| INVOKING Heroism.
 37711 | Depths:3 | Found a transporter.
 37713 | Depths:3 | Noticed qw's ghost (veteran GrFi)
 37719 | Depths:3 | Found a transporter.
 37961 | Depths:3 | 37961 ||| INVOKING Heroism.
 37962 | Depths:3 | 37962 ||| INVOKING Finesse.
 38003 | Depths:3 | Found a one-way gateway to a ziggurat.
 38038 | Depths:3 | 38038 ||| Stepping ~*~*~tactically~*~*~ (stealth).
 38043 | Depths:3 | 38043 ||| INVOKING Heroism.
 38072 | Depths:3 | 38072 ||| Stepping ~*~*~tactically~*~*~ (hiding).
 38142 | Depths:3 | 38142 ||| Stepping ~*~*~tactically~*~*~ (hiding).
 38252 | Depths:3 | 38252 ||| READING 16 scrolls of teleportation.
 38265 | Depths:3 | Reached skill level 21 in Shields
 38300 | Depths:3 | 38300 ||| INVOKING Heroism.
 38390 | Depths:4 | Entered Level 4 of the Depths
 38415 | Depths:4 | 38415 ||| READING 15 scrolls of teleportation.
 38448 | Depths:4 | 38448 ||| INVOKING Heroism.
 38451 | Depths:4 | Found a gate to the Realm of Zot.
 38461 | Depths:4 | Received a gift from Okawaru
 38504 | Depths:4 | 38504 ||| INVOKING Heroism.
 38586 | Depths:4 | 38586 ||| INVOKING Heroism.
 38679 | Depths:4 | Received a gift from Okawaru
 38689 | Depths:4 | Found a basalt altar of Yredelemnul.
 38691 | Depths:4 | 38691 ||| Stepping ~*~*~tactically~*~*~ (stealth).
 38694 | Depths:4 | 38694 ||| INVOKING Heroism.
 38736 | Depths:4 | 38736 ||| Stepping ~*~*~tactically~*~*~ (stealth).
 38783 | Depths:4 | 38783 ||| Stepping ~*~*~tactically~*~*~ (stealth).
 38915 | Depths:4 | 38915 ||| Stepping ~*~*~tactically~*~*~ (hiding).
 39021 | Depths:4 | 39021 ||| INVOKING Heroism.
 39042 | Depths:4 | 39042 ||| Stepping ~*~*~tactically~*~*~ (cloud).
 39071 | Depths:4 | 39071 ||| INVOKING Heroism.
 39171 | Depths:4 | 39171 ||| INVOKING Heroism.
 39207 | Depths:4 | 39207 ||| Stepping ~*~*~tactically~*~*~ (hiding).
 39208 | Depths:4 | 39208 ||| Stepping ~*~*~tactically~*~*~ (hiding).
 39209 | Depths:4 | 39209 ||| Stepping ~*~*~tactically~*~*~ (hiding).
 39210 | Depths:4 | 39210 ||| Stepping ~*~*~tactically~*~*~ (hiding).
 39321 | Depths:4 | 39321 ||| Stepping ~*~*~tactically~*~*~ (stealth).
 39340 | Depths:4 | 39340 ||| INVOKING Heroism.
 39342 | Depths:4 | HP: 35/158 [deep troll earth mage/Lee's Rapid
                  | Deconstruction (17)]
 39343 | Depths:4 | 39343 ||| READING 15 scrolls of teleportation.
 39344 | Depths:4 | 39344 ||| DRINKING 12 potions of heal wounds.
 39346 | Depths:4 | 39346 ||| INVOKING Finesse.
 39368 | Depths:4 | Received a gift from Okawaru
 39395 | Depths:4 | 39395 ||| INVOKING Heroism.
 39766 | Depths:3 | Found the +6 Majin-Bo {vamp, MP+6 Int+6}
 39770 | Depths:3 | 39770 ||| PLANNING VAULTS:5
 39872 | Abyss:3  | Cast into level 3 of the Abyss (a wizard)
 39877 | Abyss:3  | Received a gift from Okawaru
 39902 | Abyss:3  | 39902 ||| INVOKING Heroism.
 39990 | Abyss:3  | 39990 ||| Stepping ~*~*~tactically~*~*~ (hiding).
 39991 | Abyss:3  | 39991 ||| Stepping ~*~*~tactically~*~*~ (hiding).
 39994 | Abyss:3  | 39994 ||| Stepping ~*~*~tactically~*~*~ (hiding).
 40001 | Abyss:3  | Reached skill level 21 in Fighting
 40022 | Abyss:3  | 40022 ||| Stepping ~*~*~tactically~*~*~ (stealth).
 40035 | Abyss:3  | Found a corrupted altar of Lugonu.
 40111 | Abyss:3  | Received a gift from Okawaru
 40111 | Abyss:3  | Found the +14 obsidian axe {vorpal, Mesm Drain Fly SInv}
 40113 | Abyss:3  | 40113 ||| SWAPPING to +14 obsidian axe {vorpal, Mesm Drain
                  | Fly SInv}.
 40114 | Abyss:3  | 40114 ||| DROPPING +4 broad axe of flaming.
 40153 | Abyss:3  | 40153 ||| Stepping ~*~*~tactically~*~*~ (stealth).
 40154 | Abyss:3  | 40154 ||| Stepping ~*~*~tactically~*~*~ (stealth).
 40182 | Abyss:3  | 40182 ||| INVOKING Heroism.
 40184 | Abyss:3  | 40184 ||| Stepping ~*~*~tactically~*~*~ (hiding).
 40226 | Abyss:3  | 40226 ||| Stepping ~*~*~tactically~*~*~ (stealth).
 40227 | Abyss:3  | 40227 ||| Stepping ~*~*~tactically~*~*~ (stealth).
 40244 | Abyss:3  | 40244 ||| Stepping ~*~*~tactically~*~*~ (stealth).
 40249 | Abyss:3  | 40249 ||| Stepping ~*~*~tactically~*~*~ (stealth).
 40250 | Abyss:3  | 40250 ||| INVOKING Heroism.
 40251 | Abyss:3  | 40251 ||| INVOKING Finesse.
 40268 | Abyss:3  | Gained mutation: Your magical capacity is low. (-10% MP) [a
                  | neqoxec]
 40313 | Abyss:3  | 40313 ||| Stepping ~*~*~tactically~*~*~ (stealth).
 40315 | Abyss:3  | 40315 ||| Stepping ~*~*~tactically~*~*~ (hiding).
 40352 | Abyss:3  | 40352 ||| Stepping ~*~*~tactically~*~*~ (hiding).
 40361 | Abyss:3  | 40361 ||| INVOKING Heroism.
 40403 | Depths:3 | Escaped the Abyss
 40404 | Depths:3 | 40404 ||| Stepping ~*~*~tactically~*~*~ (hiding).
 40446 | Depths:3 | 40446 ||| INVOKING Heroism.
 40447 | Depths:3 | 40447 ||| INVOKING Finesse.
 40733 | Vaults:5 | Entered Level 5 of the Vaults
 40734 | Vaults:5 | 40734 ||| INVOKING Heroism.
 40740 | Vaults:5 | 40740 ||| INVOKING Finesse.
 40740 | Vaults:5 | Noticed a dread lich
 40746 | Vaults:5 | Reached skill level 12 in Throwing
 40771 | Vaults:5 | Killed a dread lich
 40772 | Vaults:5 | Reached XP level 24. HP: 114/167 MP: 19/27
 40782 | Vaults:5 | Received a gift from Okawaru
 40858 | Vaults:5 | 40858 ||| INVOKING Heroism.
 40864 | Vaults:5 | Noticed an ancient lich
 40865 | Vaults:5 | 40865 ||| INVOKING Finesse.
 40886 | Vaults:5 | Killed an ancient lich
 40950 | Vaults:5 | 40950 ||| Stepping ~*~*~tactically~*~*~ (hiding).
 40959 | Vaults:5 | 40959 ||| INVOKING Heroism.
 40986 | Vaults:5 | 40986 ||| Stepping ~*~*~tactically~*~*~ (stealth).
 41063 | Vaults:5 | 41063 ||| Stepping ~*~*~tactically~*~*~ (hiding).
 41130 | Vaults:5 | 41130 ||| Stepping ~*~*~tactically~*~*~ (stealth).
 41133 | Vaults:5 | 41133 ||| Stepping ~*~*~tactically~*~*~ (stealth).
 41134 | Vaults:5 | 41134 ||| Stepping ~*~*~tactically~*~*~ (stealth).
 41136 | Vaults:5 | 41136 ||| INVOKING Heroism.
 41198 | Vaults:5 | Noticed a dread lich
 41199 | Vaults:5 | 41199 ||| INVOKING Heroism.
 41200 | Vaults:5 | 41200 ||| INVOKING Finesse.
 41212 | Vaults:5 | Killed a dread lich
 41253 | Vaults:5 | 41253 ||| Stepping ~*~*~tactically~*~*~ (hiding).
 41320 | Vaults:5 | Identified the +0 pair of boots "Sududur" {rF+}
 41325 | Vaults:5 | 41325 ||| Stepping ~*~*~tactically~*~*~ (hiding).
 41329 | Vaults:5 | 41329 ||| INVOKING Heroism.
 41330 | Vaults:5 | 41330 ||| INVOKING Finesse.
 41382 | Vaults:5 | 41382 ||| INVOKING Heroism.
 41402 | Vaults:5 | 41402 ||| Stepping ~*~*~tactically~*~*~ (stealth).
 41416 | Vaults:5 | 41416 ||| Stepping ~*~*~tactically~*~*~ (hiding).
 41493 | Vaults:5 | 41493 ||| INVOKING Heroism.
 41500 | Vaults:5 | Reached skill level 9 in Dodging
 41557 | Vaults:5 | 41557 ||| Stepping ~*~*~tactically~*~*~ (hiding).
 41563 | Vaults:5 | 41563 ||| INVOKING Heroism.
 41590 | Vaults:5 | 41590 ||| Stepping ~*~*~tactically~*~*~ (stealth).
 41595 | Vaults:5 | 41595 ||| Stepping ~*~*~tactically~*~*~ (hiding).
 41598 | Vaults:5 | 41598 ||| Stepping ~*~*~tactically~*~*~ (hiding).
 41599 | Vaults:5 | 41599 ||| Stepping ~*~*~tactically~*~*~ (hiding).
 41604 | Vaults:5 | 41604 ||| INVOKING Heroism.
 41658 | Vaults:5 | 41658 ||| FLEEEEING.
 41664 | Vaults:5 | 41664 ||| FLEEEEING.
 41665 | Vaults:5 | 41665 ||| FLEEEEING.
 41681 | Vaults:5 | 41681 ||| Stepping ~*~*~tactically~*~*~ (stealth).
 41682 | Vaults:5 | 41682 ||| Stepping ~*~*~tactically~*~*~ (stealth).
 41688 | Vaults:5 | 41688 ||| Stepping ~*~*~tactically~*~*~ (stealth).
 41695 | Vaults:5 | Identified the +0 pair of gloves of Seriasoph {rElec rC-
                  | rN+++ Will-}
 41703 | Vaults:5 | 41703 ||| Stepping ~*~*~tactically~*~*~ (stealth).
 41705 | Vaults:5 | 41705 ||| Stepping ~*~*~tactically~*~*~ (stealth).
 41707 | Vaults:5 | 41707 ||| Stepping ~*~*~tactically~*~*~ (stealth).
 41827 | Vaults:5 | 41827 ||| Stepping ~*~*~tactically~*~*~ (hiding).
 41982 | Vaults:5 | 41982 ||| Stepping ~*~*~tactically~*~*~ (stealth).
 41984 | Vaults:5 | 41984 ||| Stepping ~*~*~tactically~*~*~ (hiding).
 41987 | Vaults:5 | 41987 ||| INVOKING Heroism.
 42143 | Vaults:5 | 42143 ||| INVOKING Heroism.
 42143 | Abyss:3  | Cast into level 3 of the Abyss (a deep elf demonologist)
 42189 | Abyss:3  | 42189 ||| Stepping ~*~*~tactically~*~*~ (stealth).
 42219 | Abyss:3  | 42219 ||| Stepping ~*~*~tactically~*~*~ (hiding).
 42235 | Abyss:3  | 42235 ||| Stepping ~*~*~tactically~*~*~ (stealth).
 42239 | Abyss:3  | 42239 ||| Stepping ~*~*~tactically~*~*~ (stealth).
 42243 | Abyss:3  | 42243 ||| Stepping ~*~*~tactically~*~*~ (hiding).
 42244 | Abyss:3  | 42244 ||| Stepping ~*~*~tactically~*~*~ (hiding).
 42245 | Abyss:3  | 42245 ||| Stepping ~*~*~tactically~*~*~ (hiding).
 42246 | Abyss:3  | 42246 ||| Stepping ~*~*~tactically~*~*~ (hiding).
 42290 | Abyss:3  | 42290 ||| Stepping ~*~*~tactically~*~*~ (stealth).
 42366 | Abyss:3  | 42366 ||| Stepping ~*~*~tactically~*~*~ (hiding).
 42375 | Abyss:3  | 42375 ||| Stepping ~*~*~tactically~*~*~ (hiding).
 42441 | Abyss:3  | 42441 ||| INVOKING Heroism.
 42459 | Abyss:3  | Paralysed by accursed screaming for 1 turns
 42507 | Abyss:3  | 42507 ||| INVOKING Heroism.
 42545 | Abyss:3  | Received a gift from Okawaru
 42549 | Abyss:3  | 42549 ||| Stepping ~*~*~tactically~*~*~ (stealth).
 42551 | Abyss:3  | 42551 ||| Stepping ~*~*~tactically~*~*~ (stealth).
 42553 | Abyss:3  | 42553 ||| Stepping ~*~*~tactically~*~*~ (stealth).
 42570 | Abyss:3  | 42570 ||| INVOKING Heroism.
 42582 | Abyss:3  | 42582 ||| Stepping ~*~*~tactically~*~*~ (stealth).
 42583 | Abyss:3  | 42583 ||| Stepping ~*~*~tactically~*~*~ (stealth).
 42585 | Abyss:3  | 42585 ||| Stepping ~*~*~tactically~*~*~ (hiding).
 42655 | Abyss:3  | 42655 ||| INVOKING Heroism.
 42672 | Abyss:3  | Received a gift from Okawaru
 42728 | Abyss:3  | 42728 ||| Stepping ~*~*~tactically~*~*~ (stealth).
 42729 | Abyss:3  | 42729 ||| Stepping ~*~*~tactically~*~*~ (hiding).
 42753 | Abyss:3  | 42753 ||| INVOKING Heroism.
 42810 | Abyss:3  | 42810 ||| DRINKING 5 potions of resistance.
 42818 | Vaults:5 | Escaped the Abyss
 42841 | Vaults:5 | 42841 ||| INVOKING Heroism.
 42857 | Vaults:5 | 42857 ||| Stepping ~*~*~tactically~*~*~ (stealth).
 42865 | Vaults:5 | 42865 ||| INVOKING Heroism.
 42868 | Vaults:5 | Reached XP level 25. HP: 146/178 MP: 25/27
 42917 | Vaults:5 | Got a silver rune of Zot
 42920 | Vaults:5 | 42920 ||| Stepping ~*~*~tactically~*~*~ (hiding).
 42924 | Vaults:5 | 42924 ||| INVOKING Heroism.
 42950 | Vaults:5 | Identified the +4 sling of Evil {flame, Str+4 Int+5}
 43047 | Vaults:5 | 43047 ||| INVOKING Heroism.
 43217 | Vaults:5 | 43217 ||| PLANNING SHOPPING SPREE
 43217 | Vaults:5 | 43217 ||| UPGRADING to +0 tower shield of reflection.
 43230 | Vaults:5 | 43230 ||| UPGRADING to +0 tower shield.
 43235 | Vaults:5 | 43235 ||| UPGRADING to +0 tower shield of reflection.
 43246 | Vaults:5 | 43246 ||| UPGRADING to +0 tower shield of reflection.
 43256 | Vaults:5 | 43256 ||| DROPPING +0 tower shield.
 43257 | Vaults:5 | 43257 ||| UPGRADING to +0 pair of boots "Sududur" {rF+}.
 43267 | Vaults:5 | 43267 ||| DROPPING +0 pair of gloves of Seriasoph {rElec
                  | rC- rN+++ Will-}.
 43272 | Vaults:5 | 43272 ||| DROPPING +4 ring of slaying {mikee}.
 43793 | Snake:4  | 43793 ||| BUYING potion of lignification (18 gold).
 43793 | Snake:4  | Bought a potion of lignification for 18 gold pieces
 43833 | Snake:4  | 43833 ||| BUYING scroll of teleportation (48 gold).
 43833 | Snake:4  | Bought a scroll of teleportation for 48 gold pieces
 43833 | Snake:4  | 43833 ||| BUYING scroll of teleportation (48 gold).
 43833 | Snake:4  | Bought a scroll of teleportation for 48 gold pieces
 43862 | Snake:4  | 43862 ||| BUYING scroll of enchant armour (120 gold).
 43862 | Snake:4  | Bought a scroll of enchant armour for 120 gold pieces
 44101 | D:6      | 44101 ||| BUYING wand of digging (6) (327 gold).
 44101 | D:6      | Bought a wand of digging (6) for 327 gold pieces
 44390 | Snake:3  | 44390 ||| PLANNING ZOT:1-4
 44853 | Zot:1    | Entered Level 1 of the Realm of Zot
 44856 | Zot:1    | 44856 ||| INVOKING Heroism.
 44862 | Zot:1    | Reached skill level 24 in Fighting
 44911 | Zot:1    | 44911 ||| INVOKING Heroism.
 44942 | Zot:1    | Received a gift from Okawaru
 44954 | Zot:1    | 44954 ||| INVOKING Heroism.
 45012 | Zot:1    | 45012 ||| DROPPING +1 broad axe of electrocution.
 45098 | Zot:1    | 45098 ||| INVOKING Heroism.
 45283 | Zot:1    | 45283 ||| INVOKING Heroism.
 45374 | Zot:1    | 45374 ||| INVOKING Heroism.
 45437 | Zot:1    | 45437 ||| INVOKING Heroism.
 45479 | Zot:1    | 45479 ||| DROPPING amulet of faith.
 45480 | Zot:1    | 45480 ||| UPGRADING to amulet of reflection.
 45490 | Zot:1    | 45490 ||| DROPPING amulet of regeneration.
 45513 | Zot:2    | Identified the ring "Juwkiem" {Ice Slay+3}
 45513 | Zot:2    | Noticed Josephina
 45531 | Zot:2    | Killed Josephina
 45532 | Zot:2    | 45532 ||| INVOKING Heroism.
 45577 | Zot:2    | 45577 ||| INVOKING Heroism.
 45703 | Zot:2    | 45703 ||| Stepping ~*~*~tactically~*~*~ (stealth).
 45708 | Zot:2    | 45708 ||| Stepping ~*~*~tactically~*~*~ (stealth).
 45755 | Zot:2    | 45755 ||| Stepping ~*~*~tactically~*~*~ (hiding).
 45769 | Zot:2    | 45769 ||| INVOKING Heroism.
 45796 | Zot:2    | Received a gift from Okawaru
 45838 | Zot:2    | 45838 ||| Stepping ~*~*~tactically~*~*~ (stealth).
 45839 | Zot:2    | 45839 ||| Stepping ~*~*~tactically~*~*~ (stealth).
 45841 | Zot:2    | 45841 ||| Stepping ~*~*~tactically~*~*~ (hiding).
 45930 | Zot:2    | 45930 ||| Stepping ~*~*~tactically~*~*~ (hiding).
 45931 | Zot:2    | 45931 ||| Stepping ~*~*~tactically~*~*~ (hiding).
 46011 | Zot:2    | 46011 ||| Stepping ~*~*~tactically~*~*~ (hiding).
 46215 | Zot:2    | Found a glowing golden altar of the Shining One.
 46306 | Zot:2    | Received a gift from Okawaru
 46308 | Zot:2    | 46308 ||| INVOKING Heroism.
 46323 | Zot:2    | 46323 ||| Stepping ~*~*~tactically~*~*~ (hiding).
 46328 | Zot:2    | 46328 ||| Stepping ~*~*~tactically~*~*~ (hiding).
 46483 | Zot:2    | 46483 ||| INVOKING Heroism.
 46578 | Zot:2    | 46578 ||| Stepping ~*~*~tactically~*~*~ (stealth).
 46611 | Zot:2    | 46611 ||| Stepping ~*~*~tactically~*~*~ (hiding).
 46613 | Zot:2    | 46613 ||| Stepping ~*~*~tactically~*~*~ (hiding).
 46634 | Zot:2    | 46634 ||| INVOKING Heroism.
 46641 | Zot:2    | 46641 ||| Stepping ~*~*~tactically~*~*~ (hiding).
 46668 | Zot:2    | 46668 ||| Stepping ~*~*~tactically~*~*~ (hiding).
 47071 | Zot:2    | 47071 ||| INVOKING Heroism.
 47451 | Zot:2    | Received a gift from Okawaru
 47710 | Zot:3    | 47710 ||| INVOKING Heroism.
 47762 | Zot:3    | 47762 ||| Stepping ~*~*~tactically~*~*~ (stealth).
 47763 | Zot:3    | 47763 ||| Stepping ~*~*~tactically~*~*~ (stealth).
 47970 | Zot:3    | 47970 ||| INVOKING Heroism.
 48316 | Zot:3    | 48316 ||| READING 23 scrolls of teleportation.
 48444 | Zot:3    | Noticed a Killer Klown
 48444 | Zot:3    | Noticed a Killer Klown
 48445 | Zot:3    | 48445 ||| INVOKING Heroism.
 48446 | Zot:3    | 48446 ||| INVOKING Finesse.
 48449 | Zot:3    | Noticed a Killer Klown
 48453 | Zot:3    | Killed a Killer Klown
 48459 | Zot:3    | Noticed a Killer Klown
 48466 | Zot:3    | Killed a Killer Klown
 48467 | Zot:3    | Reached XP level 26. HP: 185/188 MP: 22/27
 48471 | Zot:3    | Killed a Killer Klown
 48474 | Zot:3    | Killed a Killer Klown
 48602 | Zot:3    | 48602 ||| Stepping ~*~*~tactically~*~*~ (stealth).
 48937 | Zot:4    | 48937 ||| INVOKING Heroism.
 48945 | Zot:4    | 48945 ||| INVOKING Finesse.
 48951 | Zot:4    | Received a gift from Okawaru
 48962 | Zot:4    | Reached skill level 15 in Throwing
 48978 | Zot:4    | Identified the +0 chain mail "Veuthast" {rPois rF+ rN+
                  | Stlth-} (Okawaru gifted it to you on level 4 of the Realm
                  | of Zot)
 48978 | Zot:4    | Received a gift from Okawaru
 48987 | Zot:4    | 48987 ||| Stepping ~*~*~tactically~*~*~ (hiding).
 48988 | Zot:4    | 48988 ||| Stepping ~*~*~tactically~*~*~ (hiding).
 48988 | Zot:4    | Noticed an orb of fire
 48989 | Zot:4    | 48989 ||| Stepping ~*~*~tactically~*~*~ (hiding).
 48991 | Zot:4    | 48991 ||| DRINKING 4 potions of resistance.
 48994 | Zot:4    | Gained mutation: You occasionally lose the ability to drink
                  | potions when taking damage. [an orb of fire]
 49006 | Zot:4    | Killed an orb of fire
 49295 | Zot:4    | 49295 ||| DRINKING 3 potions of mutation.
 49295 | Zot:4    | Lost mutation: You are dopey. (Int -2) [potion of mutation]
 49295 | Zot:4    | Lost mutation: You occasionally lose the ability to drink
                  | potions when taking damage. [potion of mutation]
 49295 | Zot:4    | Gained mutation: You are partially covered in iridescent
                  | scales. (AC +2) [potion of mutation]
 49633 | Zot:4    | 49633 ||| INVOKING Heroism.
 50180 | Zot:4    | 50180 ||| INVOKING Heroism.
 50181 | Zot:4    | 50181 ||| INVOKING Finesse.
 50380 | Zot:4    | 50380 ||| INVOKING Heroism.
 50465 | Zot:4    | 50465 ||| PLANNING THE SHINING ONE WORSHIP
 50465 | Zot:4    | 50465 ||| UPGRADING to ring "Ziastoun" {rPois rN+ Will+
                  | Str+4 Int-4}.
 50524 | Zot:2    | Fell from the grace of Okawaru
 50524 | Zot:2    | Became a worshipper of the Shining One
 50525 | Zot:2    | 50525 ||| PLANNING CRYPT
 50525 | Zot:2    | 50525 ||| SWAPPING to +9 broad axe "Apnankuga" {flame,
                  | rPois rC- rN+ Str+2}.
 50526 | Zot:2    | 50526 ||| DROPPING +14 obsidian axe {vorpal, Mesm Drain Fly
                  | SInv}.
 50942 | Crypt:1  | Entered Level 1 of the Crypt
 50943 | Crypt:1  | 50943 ||| PLANNING WIZLAB
 50990 | Crypt:1  | Found a basalt altar of Yredelemnul.
 51128 | Crypt:1  | 51128 ||| Stepping ~*~*~tactically~*~*~ (hiding).
 51135 | Crypt:1  | Reached * piety under the Shining One
 51237 | Crypt:1  | 51237 ||| Stepping ~*~*~tactically~*~*~ (hiding).
 51243 | Crypt:1  | 51243 ||| Stepping ~*~*~tactically~*~*~ (hiding).
 51464 | Crypt:1  | 51464 ||| Stepping ~*~*~tactically~*~*~ (stealth).
 51481 | Crypt:1  | 51481 ||| Stepping ~*~*~tactically~*~*~ (stealth).
 51557 | Crypt:1  | Reached ** piety under the Shining One
 51558 | Crypt:1  | 51558 ||| Stepping ~*~*~tactically~*~*~ (hiding).
 51661 | Crypt:1  | 51661 ||| RIP WIZLAB
 51692 | Crypt:1  | 51692 ||| PLANNING CRYPT
 51707 | Crypt:1  | 51707 ||| Stepping ~*~*~tactically~*~*~ (hiding).
 51730 | Crypt:1  | Reached skill level 12 in Invocations
 51736 | Crypt:1  | Reached *** piety under the Shining One
 52127 | Crypt:2  | 52127 ||| Stepping ~*~*~tactically~*~*~ (hiding).
 52129 | Crypt:2  | 52129 ||| INVOKING Cleansing Flame.
 52130 | Crypt:2  | 52130 ||| INVOKING Cleansing Flame.
 52277 | Crypt:2  | 52277 ||| Stepping ~*~*~tactically~*~*~ (hiding).
 52297 | Crypt:2  | Reached **** piety under the Shining One
 52298 | Crypt:2  | 52298 ||| Stepping ~*~*~tactically~*~*~ (hiding).
 52315 | Crypt:2  | 52315 ||| FLEEEEING.
 52319 | Crypt:2  | 52319 ||| FLEEEEING.
 52320 | Crypt:2  | 52320 ||| FLEEEEING.
 52321 | Crypt:2  | 52321 ||| FLEEEEING.
 52322 | Crypt:2  | 52322 ||| FLEEEEING.
 52324 | Crypt:2  | 52324 ||| FLEEEEING.
 52325 | Crypt:2  | 52325 ||| FLEEEEING.
 52326 | Crypt:2  | 52326 ||| FLEEEEING.
 52327 | Crypt:2  | 52327 ||| FLEEEEING.
 52328 | Crypt:2  | 52328 ||| FLEEEEING.
 52329 | Crypt:2  | 52329 ||| FLEEEEING.
 52330 | Crypt:2  | 52330 ||| FLEEEEING.
 52331 | Crypt:2  | 52331 ||| FLEEEEING.
 52332 | Crypt:2  | 52332 ||| FLEEEEING.
 52338 | Crypt:2  | 52338 ||| FLEEEEING.
 52339 | Crypt:2  | 52339 ||| FLEEEEING.
 52340 | Crypt:2  | 52340 ||| FLEEEEING.
 52341 | Crypt:2  | 52341 ||| FLEEEEING.
 52342 | Crypt:2  | 52342 ||| FLEEEEING.
 52343 | Crypt:2  | 52343 ||| Stepping ~*~*~tactically~*~*~ (hiding).
 52344 | Crypt:2  | 52344 ||| FLEEEEING.
 52345 | Crypt:2  | 52345 ||| Stepping ~*~*~tactically~*~*~ (hiding).
 53139 | Crypt:1  | Found an ancient bone altar of Kikubaaqudgha.
 53179 | Crypt:3  | Entered Level 3 of the Crypt
 53179 | Crypt:3  | Reached ***** piety under the Shining One
 53179 | Crypt:3  | Found a staircase to the Tomb.
 53201 | Crypt:3  | 53201 ||| Stepping ~*~*~tactically~*~*~ (hiding).
 53204 | Crypt:3  | 53204 ||| Stepping ~*~*~tactically~*~*~ (hiding).
 53206 | Crypt:3  | 53206 ||| Stepping ~*~*~tactically~*~*~ (hiding).
 53207 | Crypt:3  | 53207 ||| Stepping ~*~*~tactically~*~*~ (hiding).
 53278 | Crypt:3  | 53278 ||| Stepping ~*~*~tactically~*~*~ (hiding).
 53288 | Crypt:3  | 53288 ||| Stepping ~*~*~tactically~*~*~ (hiding).
 53293 | Crypt:3  | Paralysed by a vampire knight for 2 turns
 53296 | Crypt:3  | Noticed Bai Suzhen
 53317 | Crypt:3  | Killed Bai Suzhen
 53318 | Crypt:3  | 53318 ||| Stepping ~*~*~tactically~*~*~ (cloud).
 53369 | Crypt:3  | Found a runed translucent door.
 53370 | Crypt:3  | Noticed qw's ghost (veteran GrFi)
 53372 | Crypt:3  | 53372 ||| Stepping ~*~*~tactically~*~*~ (stealth).
 53381 | Crypt:3  | 53381 ||| Stepping ~*~*~tactically~*~*~ (stealth).
 53396 | Crypt:3  | 53396 ||| Stepping randomly (disturbance).
 53397 | Crypt:3  | 53397 ||| Stepping randomly (disturbance).
 53419 | Crypt:3  | 53419 ||| Stepping ~*~*~tactically~*~*~ (hiding).
 53547 | Crypt:3  | Reached ****** piety under the Shining One
 53569 | Crypt:3  | Reached XP level 27. HP: 197/197 MP: 30/30
 53589 | Crypt:3  | 53589 ||| INVOKING Brand Weapon With Holy Wrath.
 53589 | Crypt:3  | Identified a +6 broad axe of holy wrath (a +4 broad axe of
                  | holy wrath blessed by the Shining One)
 53589 | Crypt:3  | Received a gift from the Shining One
 53608 | Crypt:3  | Found an ancient bone altar of Kikubaaqudgha.
 53631 | Crypt:3  | 53631 ||| INVOKING Summon Divine Warrior.
 53640 | Crypt:3  | 53640 ||| Stepping randomly (cloudy).
 53642 | Crypt:3  | 53642 ||| INVOKING Summon Divine Warrior.
 53654 | Crypt:3  | 53654 ||| INVOKING Summon Divine Warrior.
 53659 | Crypt:3  | 53659 ||| INVOKING Cleansing Flame.
 53660 | Crypt:3  | 53660 ||| INVOKING Cleansing Flame.
 53661 | Crypt:3  | 53661 ||| INVOKING Cleansing Flame.
 53783 | Crypt:3  | 53783 ||| DROPPING +3 war axe of freezing.
 54081 | Crypt:3  | 54081 ||| Stepping ~*~*~tactically~*~*~ (stealth).
 54225 | Crypt:3  | 54225 ||| INVOKING Summon Divine Warrior.
 54228 | Crypt:3  | 54228 ||| INVOKING Cleansing Flame.
 54587 | Crypt:3  | 54587 ||| PLANNING TOMB
 54622 | Crypt:3  | 54622 ||| SWAPPING to +6 broad axe of holy wrath.
 54634 | Crypt:3  | 54634 ||| READING 11 scrolls of enchant weapon.
 54634 | Crypt:3  | 54634 ||| ENCHANTING +6 broad axe of holy wrath.
 54635 | Crypt:3  | 54635 ||| READING 10 scrolls of enchant weapon.
 54635 | Crypt:3  | 54635 ||| ENCHANTING +7 broad axe of holy wrath.
 54636 | Crypt:3  | 54636 ||| READING 9 scrolls of enchant weapon.
 54636 | Crypt:3  | 54636 ||| ENCHANTING +8 broad axe of holy wrath.
 54893 | Tomb:1   | Entered Level 1 of the Tomb of the Ancients
 54977 | Tomb:1   | Reached skill level 15 in Invocations
 55247 | Tomb:1   | 55247 ||| Stepping randomly (cloudy).
 55248 | Tomb:1   | 55248 ||| Stepping ~*~*~tactically~*~*~ (cloud).
 55267 | Tomb:1   | 55267 ||| INVOKING Cleansing Flame.
 55284 | Tomb:1   | 55284 ||| INVOKING Summon Divine Warrior.
 55288 | Tomb:1   | 55288 ||| INVOKING Cleansing Flame.
 55298 | Tomb:1   | 55298 ||| INVOKING Cleansing Flame.
 55299 | Tomb:1   | 55299 ||| INVOKING Cleansing Flame.
 55299 | Tomb:1   | Noticed a royal mummy
 55309 | Tomb:1   | Killed a royal mummy
 55333 | Tomb:1   | 55333 ||| Stepping ~*~*~tactically~*~*~ (hiding).
 55335 | Tomb:1   | 55335 ||| Stepping ~*~*~tactically~*~*~ (hiding).
 55337 | Tomb:1   | 55337 ||| INVOKING Cleansing Flame.
 55702 | Tomb:1   | 55702 ||| INVOKING Cleansing Flame.
 55718 | Tomb:1   | 55718 ||| Stepping randomly (cloudy).
 55720 | Tomb:1   | 55720 ||| Stepping ~*~*~tactically~*~*~ (stealth).
 55746 | Tomb:1   | 55746 ||| Stepping ~*~*~tactically~*~*~ (stealth).
 55747 | Tomb:1   | 55747 ||| Stepping ~*~*~tactically~*~*~ (stealth).
 55910 | Tomb:2   | 55910 ||| DRINKING 6 potions of haste.
 55911 | Tomb:2   | 55911 ||| DRINKING 8 potions of attraction.
 55913 | Tomb:2   | 55913 ||| INVOKING Cleansing Flame.
 55914 | Tomb:2   | Noticed a royal mummy
 55915 | Tomb:2   | 55915 ||| INVOKING Summon Divine Warrior.
 55916 | Tomb:2   | 55916 ||| INVOKING Cleansing Flame.
 55916 | Tomb:2   | Noticed a royal mummy
 55916 | Tomb:2   | Noticed a royal mummy
 55917 | Tomb:2   | 55917 ||| INVOKING Cleansing Flame.
 55918 | Tomb:2   | Noticed a royal mummy
 55919 | Tomb:2   | Noticed a royal mummy
 55920 | Tomb:2   | 55920 ||| INVOKING Cleansing Flame.
 55921 | Tomb:2   | 55921 ||| INVOKING Cleansing Flame.
 55921 | Tomb:2   | Killed a royal mummy
 55922 | Tomb:2   | 55922 ||| INVOKING Cleansing Flame.
 55922 | Tomb:2   | Killed a royal mummy
 55923 | Tomb:2   | 55923 ||| INVOKING Cleansing Flame.
 55924 | Tomb:2   | Killed a royal mummy
 55925 | Tomb:2   | Reached skill level 18 in Invocations
 55926 | Tomb:2   | 55926 ||| INVOKING Cleansing Flame.
 55926 | Tomb:2   | Killed a royal mummy
 55927 | Tomb:2   | 55927 ||| INVOKING Cleansing Flame.
 55927 | Tomb:2   | HP: 49/197 [??? (9)]
 55928 | Tomb:2   | 55928 ||| READING 23 scrolls of teleportation.
 55929 | Tomb:2   | 55929 ||| DRINKING 14 potions of heal wounds.
 55931 | Tomb:2   | Killed a royal mummy
 55935 | Tomb:2   | 55935 ||| INVOKING Summon Divine Warrior.
 56221 | Tomb:2   | 56221 ||| INVOKING Summon Divine Warrior.
 56829 | Tomb:1   | Noticed a royal mummy
 56829 | Tomb:1   | Noticed a royal mummy
 56830 | Tomb:1   | 56830 ||| INVOKING Summon Divine Warrior.
 56833 | Tomb:1   | Killed a royal mummy
 56837 | Tomb:1   | 56837 ||| INVOKING Summon Divine Warrior.
 56841 | Tomb:1   | Killed a royal mummy
 56867 | Tomb:1   | Noticed a royal mummy
 56871 | Tomb:1   | 56871 ||| INVOKING Cleansing Flame.
 56871 | Tomb:1   | Killed a royal mummy
 56871 | Tomb:1   | Noticed a royal mummy
 56875 | Tomb:1   | 56875 ||| INVOKING Cleansing Flame.
 56876 | Tomb:1   | 56876 ||| INVOKING Cleansing Flame.
 56876 | Tomb:1   | Killed a royal mummy
 56882 | Tomb:1   | Noticed a royal mummy
 56883 | Tomb:1   | 56883 ||| INVOKING Cleansing Flame.
 56886 | Tomb:1   | Killed a royal mummy
 56902 | Tomb:1   | HP: 37/197 [fire giant/bolt of fire[the fury of Okawaru]
                  | (24)]
 56903 | Tomb:1   | 56903 ||| READING 22 scrolls of teleportation.
 56904 | Tomb:1   | 56904 ||| DRINKING 15 potions of heal wounds.
 56905 | Tomb:1   | 56905 ||| DRINKING 14 potions of heal wounds.
 57338 | Tomb:1   | Noticed a royal mummy
 57338 | Tomb:1   | Noticed a royal mummy
 57339 | Tomb:1   | 57339 ||| INVOKING Summon Divine Warrior.
 57342 | Tomb:1   | Killed a royal mummy
 57343 | Tomb:1   | 57343 ||| INVOKING Cleansing Flame.
 57346 | Tomb:1   | Killed a royal mummy
 57542 | Tomb:1   | Noticed a royal mummy
 57543 | Tomb:1   | 57543 ||| Stepping ~*~*~tactically~*~*~ (hiding).
 57545 | Tomb:1   | 57545 ||| INVOKING Summon Divine Warrior.
 57549 | Tomb:1   | Noticed a royal mummy
 57555 | Tomb:1   | Killed a royal mummy
 57564 | Tomb:1   | Killed a royal mummy
 57612 | Tomb:1   | Noticed a royal mummy
 57617 | Tomb:1   | Killed a royal mummy
 57930 | Tomb:1   | Noticed a royal mummy
 57931 | Tomb:1   | 57931 ||| INVOKING Summon Divine Warrior.
 57936 | Tomb:1   | 57936 ||| INVOKING Cleansing Flame.
 57937 | Tomb:1   | 57937 ||| INVOKING Cleansing Flame.
 57939 | Tomb:1   | Killed a royal mummy
 58010 | Tomb:1   | Noticed a royal mummy
 58018 | Tomb:1   | Noticed a royal mummy
 58019 | Tomb:1   | 58019 ||| INVOKING Summon Divine Warrior.
 58020 | Tomb:1   | 58020 ||| INVOKING Summon Divine Warrior.
 58021 | Tomb:1   | 58021 ||| INVOKING Summon Divine Warrior.
 58022 | Tomb:1   | 58022 ||| INVOKING Summon Divine Warrior.
 58023 | Tomb:1   | 58023 ||| DRINKING 7 potions of magic.
 58024 | Tomb:1   | 58024 ||| INVOKING Summon Divine Warrior.
 58032 | Tomb:1   | 58032 ||| INVOKING Cleansing Flame.
 58033 | Tomb:1   | 58033 ||| INVOKING Cleansing Flame.
 58034 | Tomb:1   | 58034 ||| INVOKING Cleansing Flame.
 58035 | Tomb:1   | 58035 ||| INVOKING Cleansing Flame.
 58036 | Tomb:1   | 58036 ||| DRINKING 6 potions of magic.
 58037 | Tomb:1   | 58037 ||| INVOKING Cleansing Flame.
 58038 | Tomb:1   | 58038 ||| INVOKING Cleansing Flame.
 58038 | Tomb:1   | Killed a royal mummy
 58043 | Tomb:1   | 58043 ||| INVOKING Cleansing Flame.
 58046 | Tomb:1   | Killed a royal mummy
 58276 | Tomb:1   | Was forgiven by Okawaru
 58363 | Tomb:1   | Noticed a royal mummy
 58376 | Tomb:1   | Noticed a royal mummy
 58384 | Tomb:1   | Killed a royal mummy
 58385 | Tomb:1   | Noticed a royal mummy
 58388 | Tomb:1   | Noticed a royal mummy
 58390 | Tomb:1   | 58390 ||| INVOKING Cleansing Flame.
 58390 | Tomb:1   | Noticed a royal mummy
 58391 | Tomb:1   | 58391 ||| INVOKING Cleansing Flame.
 58391 | Tomb:1   | Killed a royal mummy
 58392 | Tomb:1   | 58392 ||| Stepping ~*~*~tactically~*~*~ (hiding).
 58394 | Tomb:1   | 58394 ||| INVOKING Cleansing Flame.
 58400 | Tomb:1   | Killed a royal mummy
 58400 | Tomb:1   | Noticed a royal mummy
 58403 | Tomb:1   | Killed a royal mummy
 58407 | Tomb:1   | Killed a royal mummy
 58410 | Tomb:1   | Killed a royal mummy
 58411 | Tomb:1   | Reached skill level 21 in Invocations
 58420 | Tomb:1   | 58420 ||| INVOKING Cleansing Flame.
 58962 | Tomb:2   | 58962 ||| INVOKING Cleansing Flame.
 58993 | Tomb:2   | 58993 ||| Stepping ~*~*~tactically~*~*~ (stealth).
 58995 | Tomb:2   | 58995 ||| Stepping ~*~*~tactically~*~*~ (stealth).
 59272 | Tomb:3   | Entered Level 3 of the Tomb of the Ancients
 59273 | Tomb:3   | 59273 ||| DRINKING 5 potions of haste.
 59274 | Tomb:3   | 59274 ||| DRINKING 7 potions of attraction.
 59307 | Tomb:3   | 59307 ||| INVOKING Cleansing Flame.
 59308 | Tomb:3   | 59308 ||| INVOKING Cleansing Flame.
 59312 | Tomb:3   | Noticed a royal mummy
 59313 | Tomb:3   | 59313 ||| INVOKING Summon Divine Warrior.
 59313 | Tomb:3   | Noticed a royal mummy
 59314 | Tomb:3   | 59314 ||| INVOKING Cleansing Flame.
 59316 | Tomb:3   | 59316 ||| INVOKING Cleansing Flame.
 59316 | Tomb:3   | Noticed a royal mummy
 59320 | Tomb:3   | Killed a royal mummy
 59324 | Tomb:3   | Killed a royal mummy
 59329 | Tomb:3   | Killed a royal mummy
 59360 | Tomb:3   | Noticed a royal mummy
 59364 | Tomb:3   | 59364 ||| INVOKING Cleansing Flame.
 59365 | Tomb:3   | 59365 ||| INVOKING Cleansing Flame.
 59366 | Tomb:3   | 59366 ||| INVOKING Cleansing Flame.
 59367 | Tomb:3   | 59367 ||| INVOKING Cleansing Flame.
 59367 | Tomb:3   | Killed a royal mummy
 59373 | Tomb:3   | Noticed a royal mummy
 59375 | Tomb:3   | 59375 ||| INVOKING Cleansing Flame.
 59377 | Tomb:3   | Noticed a royal mummy
 59379 | Tomb:3   | 59379 ||| INVOKING Summon Divine Warrior.
 59381 | Tomb:3   | 59381 ||| INVOKING Cleansing Flame.
 59383 | Tomb:3   | 59383 ||| INVOKING Cleansing Flame.
 59388 | Tomb:3   | Killed a royal mummy
 59392 | Tomb:3   | Killed a royal mummy
 59406 | Tomb:3   | 59406 ||| INVOKING Cleansing Flame.
 59409 | Tomb:3   | 59409 ||| INVOKING Cleansing Flame.
 59521 | Tomb:3   | 59521 ||| INVOKING Cleansing Flame.
 59588 | Tomb:3   | Noticed a royal mummy
 59595 | Tomb:3   | 59595 ||| INVOKING Cleansing Flame.
 59595 | Tomb:3   | Noticed a royal mummy
 59601 | Tomb:3   | 59601 ||| INVOKING Cleansing Flame.
 59602 | Tomb:3   | Noticed a royal mummy
 59602 | Tomb:3   | 59602 ||| INVOKING Cleansing Flame.
 59606 | Tomb:3   | Killed a royal mummy
 59611 | Tomb:3   | Killed a royal mummy
 59614 | Tomb:3   | HP: 43/197 [death scarab[a royal mummy] (9)]
 59615 | Tomb:3   | 59615 ||| READING 21 scrolls of teleportation.
 59616 | Tomb:3   | 59616 ||| DRINKING 14 potions of heal wounds.
 59617 | Tomb:3   | 59617 ||| INVOKING Summon Divine Warrior.
 59622 | Tomb:3   | HP: 46/197 [??? (8)]
 59623 | Tomb:3   | 59623 ||| READING 20 scrolls of teleportation.
 59624 | Tomb:3   | 59624 ||| DRINKING 13 potions of heal wounds.
 59909 | Tomb:3   | 59909 ||| INVOKING Summon Divine Warrior.
 59913 | Tomb:3   | 59913 ||| INVOKING Cleansing Flame.
 59914 | Tomb:3   | 59914 ||| INVOKING Cleansing Flame.
 59914 | Tomb:3   | Killed a royal mummy
 59915 | Tomb:3   | Reached skill level 24 in Invocations
 60018 | Tomb:3   | Identified the ring "Kelluitat" {Will++ Str+6}
 60083 | Tomb:3   | Identified the +1 scale mail of the Playwright {Int+3}
 60170 | Tomb:3   | Identified the +9 morningstar of Bashing Sudden Death
                  | {pain, Fly}
 60199 | Tomb:3   | 60199 ||| DROPPING +1 broad axe of electrocution.
 60200 | Tomb:3   | Identified the +7 scimitar of Terra Nullius {vorpal, rElec
                  | Str+4 Dex-2}
 60207 | Tomb:3   | Identified the +6 longbow of Famine {flame, Stlth+}
 60369 | Tomb:3   | Got a golden rune of Zot
 60407 | Tomb:3   | 60407 ||| PLANNING PAN
 60407 | Tomb:3   | 60407 ||| UPGRADING to ring "Kelluitat" {Will++ Str+6}.
 60409 | Tomb:3   | 60409 ||| UPGRADING to ring of Kige {Wiz rC+ Dex+5 Slay+2}.
 60842 | Pan      | Entered Pandemonium
 60848 | Pan      | 60848 ||| INVOKING Summon Divine Warrior.
 60853 | Pan      | 60853 ||| INVOKING Cleansing Flame.
 60895 | Pan      | Noticed Zidafewi the pandemonium lord
 60895 | Pan      | 60895 ||| DRINKING 5 potions of magic.
 60896 | Pan      | 60896 ||| INVOKING Summon Divine Warrior.
 60899 | Pan      | 60899 ||| INVOKING Cleansing Flame.
 60920 | Pan      | Killed Zidafewi the pandemonium lord
 60954 | Pan      | 60954 ||| Stepping ~*~*~tactically~*~*~ (hiding).
 61264 | Pan      | 61264 ||| Stepping ~*~*~tactically~*~*~ (stealth).
 61266 | Pan      | 61266 ||| Stepping ~*~*~tactically~*~*~ (stealth).
 61507 | Pan      | 61507 ||| Stepping ~*~*~tactically~*~*~ (stealth).
 61508 | Pan      | 61508 ||| Stepping ~*~*~tactically~*~*~ (stealth).
 62295 | Pan      | 62295 ||| Stepping ~*~*~tactically~*~*~ (stealth).
 62765 | Pan      | 62765 ||| Stepping ~*~*~tactically~*~*~ (stealth).
 63286 | Pan      | 63286 ||| Stepping ~*~*~tactically~*~*~ (stealth).
 63311 | Pan      | 63311 ||| Stepping ~*~*~tactically~*~*~ (stealth).
 63313 | Pan      | 63313 ||| Stepping ~*~*~tactically~*~*~ (stealth).
 63325 | Pan      | 63325 ||| Stepping ~*~*~tactically~*~*~ (stealth).
 63327 | Pan      | 63327 ||| Stepping ~*~*~tactically~*~*~ (stealth).
 63375 | Pan      | 63375 ||| Stepping ~*~*~tactically~*~*~ (stealth).
 63468 | Pan      | 63468 ||| Stepping ~*~*~tactically~*~*~ (stealth).
 63469 | Pan      | 63469 ||| Stepping ~*~*~tactically~*~*~ (stealth).
 63470 | Pan      | 63470 ||| Stepping ~*~*~tactically~*~*~ (stealth).
 63474 | Pan      | 63474 ||| Stepping ~*~*~tactically~*~*~ (stealth).
 63475 | Pan      | 63475 ||| Stepping ~*~*~tactically~*~*~ (stealth).
 63484 | Pan      | 63484 ||| Stepping ~*~*~tactically~*~*~ (hiding).
 63808 | Pan      | 63808 ||| Stepping ~*~*~tactically~*~*~ (stealth).
 63813 | Pan      | 63813 ||| Stepping ~*~*~tactically~*~*~ (stealth).
 63815 | Pan      | 63815 ||| Stepping ~*~*~tactically~*~*~ (stealth).
 63832 | Pan      | 63832 ||| Stepping ~*~*~tactically~*~*~ (stealth).
 64351 | Pan      | 64351 ||| Stepping ~*~*~tactically~*~*~ (stealth).
 64352 | Pan      | 64352 ||| Stepping ~*~*~tactically~*~*~ (stealth).
 64883 | Pan      | 64883 ||| Stepping ~*~*~tactically~*~*~ (stealth).
 64893 | Pan      | 64893 ||| Stepping ~*~*~tactically~*~*~ (stealth).
 65321 | Pan      | 65321 ||| DRINKING 4 potions of magic.
 65921 | Pan      | Glimpsed the power of Zot.
 66428 | Pan      | Glimpsed the power of Zot.
 66810 | Pan      | 66810 ||| Stepping ~*~*~tactically~*~*~ (stealth).
 66811 | Pan      | 66811 ||| Stepping ~*~*~tactically~*~*~ (stealth).
 66831 | Pan      | Glimpsed the power of Zot.
 66931 | Pan      | Touched by the power of Zot.
 66932 | Pan      | Glimpsed the power of Zot.
 67164 | Pan      | 67164 ||| DRINKING 3 potions of magic.
 67165 | Pan      | 67165 ||| INVOKING Cleansing Flame.
 67234 | Pan      | 67234 ||| Stepping ~*~*~tactically~*~*~ (stealth).
 67439 | Pan      | Glimpsed the power of Zot.
 67842 | Pan      | Glimpsed the power of Zot.
 67849 | Pan      | HP: 19/169 [hellion/damnation (31)]
 67850 | Pan      | 67850 ||| READING 19 scrolls of teleportation.
 67851 | Pan      | 67851 ||| DRINKING 12 potions of heal wounds.
 67853 | Pan      | 67853 ||| DRINKING 2 potions of magic.
 67854 | Pan      | 67854 ||| READING 18 scrolls of teleportation.
 67854 | Pan      | Killed from afar by a hellion

Levels and vault maps discovered:
D:1:      elethiomel_arrival_fortress_basement, layout_rooms,
          ebering_ecumenical_altar_abandoned
D:2:      layout_loops_ring, grunt_decor_junction, kennysheep_nondescript,
          amcnicky_mini_rare_corridor_liquid, uniq_natasha, uniq_sigmund,
          uniq_robin
D:3:      layout_rooms, minmay_misc_feat_ornament, minmay_goblin_outpost
D:4:      layout_basic, ebering_ghost_rock_garden,
          hangedman_abyss_or_decor_passed, uniq_crazy_yiuf_cottage
D:5:      layout_cave_pools, minmay_temple_entry_purple_smoke,
          hangedman_decor_push, corexii_checkpoint_a, nicolae_underground_beach
D:6:      layout_rooms, mainiacjoe_overflow_24_doors,
          biasface_ghost_orc_armoury, serial_shops, nicolae_shop_waterfront,
          minmay_misc_feat_cross, skrybe_limestone_x, nicolae_shop_gadgets
D:7:      layout_rooms, grunt_gozag_statues, chequers_serial_rivers_large_a,
          minmay_misc_feat_nine_boxes, minmay_misc_feat_room, nicolae_titane,
          uniq_menkaure
D:8:      layout_gridville, mainiacjoe_overflow_tiny_flanked, lair_entry_dummy,
          enter_bailey_2, minmay_fire_ice_demons, uniq_joseph
D:9:      layout_big_octagon, nicolae_overflow_crystal_walls,
          nicolae_overflow_hidden_temple, mainiacjoe_overflow_brackets
D:10:     layout_basic, nzn_wu_jian_contemplation, orc_0_dummy,
          gammafunk_ghost_necromancy
D:11:     minmay_recursive_quarters, layout_cave_pods,
          nicolae_trove_entry_free_sample
D:12:     layout_roguey, uniq_rupert
D:13:     layout_long_grid, david_vaults_2, st_stairs_4, grunt_tough_drop
D:14:     layout_loops_ring, maelrawn_ghost_gauntlet_escape, hex_large,
          minmay_misc_feat_more_columns
D:15:     grunt_enter_depths_giant_problem, layout_basic, serial_bayou_pond_d,
          lightli_minifort, uniq_nessos
Temple:   eino_wide_crystal_templ
Lair:1:   layout_cave_pods, gauntlet_entry_generic, grunt_megastairs_3,
          lemuel_fruit_fields, infiniplex_staircase_pool_2
Lair:2:   layout_layer_cave, minmay_swamp_entry_swarm,
          gammafunk_ghost_abyssal_escape, st_stairs_6, uniq_gastronok,
          uniq_maggie, uniq_amaemon
Lair:3:   layout_chaotic_city, minmay_snake_entry_guardpost_small
Lair:4:   layout_roguey, enter_volcano_3
Lair:5:   wormcave, layout_regular_city, hangedman_lair_tendril_chambers,
          minmay_slime_entry_oklob_open, dreamdust_wasp_nest
Swamp:1:  layout_basic_swamp, serial_swamp_ruin, evilmike_swamp_ruin_house_1,
          evilmike_swamp_ruin_house_2, evilmike_swamp_ruin_rubble_2,
          uniq_frances
Swamp:2:  layout_basic_swamp, evilmike_swamp_ruin_rubble_1, swamp_pool1
Swamp:3:  layout_basic_swamp, nicolae_swamp_well_well_well,
          infiniplex_staircase_pool
Swamp:4:  swamp_basic_johnstein, layout_basic_swamp, swamp_pool4
Snake:1:  layout_chambers, nicolae_snake_single_loop, grunt_megastairs_4,
          uniq_aizul
Snake:2:  layout_onion_interference, serial_shops, nicolae_shop_stone,
          basic_altar, uniq_saint_roka, uniq_vashnia
Snake:3:  nicolae_snake_attic_fulla_snakes, layout_rooms, serial_shops,
          shop_fountains, uniq_agnes
Snake:4:  minmay_snake_end_coiled, layout_onion_interference,
          portal_ice_cave_entry_pillars_three, serial_shops,
          nicolae_shop_hallway_stairs, shop_scrolls, shop,
          nicolae_shop_clearance, uniq_louise
Orc:1:    layout_caves
Orc:2:    grunt_orc_community_town_hall, layout_caves,
          grunt_orc_community_big_house_2, grunt_orc_community_big_house_2,
          grunt_orc_community_house_2, grunt_orc_community_house_2,
          grunt_orc_community_house_3, grunt_orc_community_house_2,
          minmay_orc_temple_c, uniq_jorgrun
Vaults:1: gammafunk_ghost_grave, nicolae_vaults_little_squares_5,
          ontoclasm_vaults_shout, vaults_mumra_hex, vaults_mumra_minichess,
          v_misc_10, v_misc_17, layout_vaults_omnigrid
Vaults:2: hangedman_vaults_corner, v_misc_4, nicolae_vaults_network_barrier,
          vaults_room_fours, vaults_mumra_lcd, v_rooms_2, v_rooms_5,
          grunt_vaults_hallway_long, gammafunk_dig_for_victory,
          ontoclasm_vaults_pinch, nicolae_vaults_little_squares_6,
          vaults_room_semicircle, layout_vaults_maze_snakey, serial_shops, shop,
          uniq_frederick, uniq_jory, uniq_donald
Vaults:3: nicolae_vaults_network_star, hangedman_vaults_stream,
          vaults_standard_mumra_lines, v_misc_10,
          nicolae_vaults_little_squares_2, nicolae_vaults_little_squares_2,
          nicolae_vaults_display_case, ontoclasm_vaults_chip,
          ontoclasm_vaults_hangar, minmay_crypt_entry_simple_walls,
          dpeg_vaults_monster_box, ontoclasm_vaults_ligature,
          nicolae_vaults_rhombus_6, ontoclasm_vaults_loading_screen,
          vaults_room_grid, layout_vaults_omnicross
Vaults:4: v_misc_30, nicolae_vaults_windows_and_doors_thing,
          ontoclasm_vaults_gateway, not_door_vault_due,
          nicolae_vaults_circle_grid_b, hangedman_vaults_trim,
          vaults_room_boxed, vaults_room_stairs_pillars,
          nicolae_vaults_three_branches, ontoclasm_vaults_bender,
          nicolae_vaults_ring_of_whatevers, nicolae_vaults_what_the_h,
          vaults_dpeg_cross, nicolae_vaults_gold_heap, layout_vaults_omnibox,
          uniq_mara
Vaults:5: serial_shops
Crypt:1:  layout_misc_corridors, basic_altar, mu_enter_wizlab_2, hex_tiny,
          lemuel_upstairs_altar
Crypt:2:  layout_misc_corridors, minivault_19, ebering_dispersal_statue_hall
Crypt:3:  church_of_pain_bobbens, layout_chaotic_city,
          tomb_entry_forgotten_bobbens, gammafunk_ghost_grave,
          lemuel_nasty_fountain, uniq_bai_suzhen
Tomb:1
Tomb:2
Tomb:3
Depths:1: evilmike_hourglass, layout_basic, cheibrodos_ashenzari_chains,
          pf_vacation_house_of_asmodeus, serial_sigils_hangedman_leer,
          fedhas_altar_fruit_tree
Depths:2: cheibrodos_cascadia, layout_gridlike, lightli_too_deep, pan_entry,
          zin_academy, serial_bayou_shore_b, grunt_megastairs_1,
          infiniplex_staircase_zigzag_3
Depths:3: cheibrodos_lost_city_excavation, layout_gridlike, enter_ziggurat_a,
          gammafunk_ghost_mausoleum, pf_hell_entry_tar_river,
          nemelex_xobeh_ov_fountains_minmay, abyss_entry, firewood_loft
Depths:4: evilmike_zot_entry_argh, layout_gridlike, hellmonk_bongcloud_opening,
          hell_entry, nicolae_yredelemnul_corpse_copse
Zot:1:    layout_misc_corridors
Zot:2:    nicolae_zot_draconian_monastery, layout_basic, grunt_ministairs_12,
          uniq_josephina
Zot:3:    circus_mu, layout_cathedral_of_symmetry, lemuel_elevator
Zot:4:    hangedman_zot_vaults_quadrants, layout_onion_interference,
          hangedman_zot_diagonal_lockstep
Pan:      regret_index_pan_draining_boxed, layout_basic

Skill      XL: |  1  2  3  4  5  6  7  8  9 10 11 12 13 14 15 16 17 18 19 20 21 22 23 24 25 26 27 |
---------------+----------------------------------------------------------------------------------+-----
Axes           | 2 3 5 6 7 8 9 10 12 13 15 16 17 18 | 18.0
Fighting       | 4 5 6 8 9 10 11 12 13 15 16 18 20 21 23 25 26 | 26.6
Dodging        | 1 2 4 5 6 7 8 9 10 | 10.0
Armour         | 7 8 9 10 11 13 14 15 17 18 20 21 22 23 | 23.0
Invocations    | 4 8 10 14 26 | 26.4
Shields        | 4 5 6 7 11 16 17 18 19 20 21 22 | 22.0
Throwing       | 4 5 6 7 8 9 10 12 14 15 | 15.0

Action                   |  1- 3 |  4- 6 |  7- 9 | 10-12 | 13-15 | 16-18 | 19-21 | 22-24 | 25-27 || total
-------------------------+-------+-------+-------+-------+-------+-------+-------+-------+-------++-------
Melee: War axe           |    75 |   123 |   195 |   394 |   253 |       |       |       |       ||  1040
       Demon whip        |       |       |       |    35 |     5 |       |       |       |       ||    40
       Broad axe         |       |       |       |       |   574 |  1098 |  1115 |  1366 |  1814 ||  5967
Throw: Javelin           |       |       |       |    47 |   169 |    78 |   123 |    96 |   238 ||   751
       Boomerang         |       |       |       |       |       |    21 |       |     7 |   219 ||   247
Invok: Heroism           |       |       |     4 |    19 |    33 |    48 |    36 |    50 |    23 ||   213
       Finesse           |       |       |       |     3 |     7 |     8 |     7 |    18 |     3 ||    46
       Cleansing Flame   |       |       |       |       |       |       |       |       |    62 ||    62
       Summon Divine War |       |       |       |       |       |       |       |       |    24 ||    24
       Brand Weapon With |       |       |       |       |       |       |       |       |     1 ||     1
  Use: Scroll            |     5 |     1 |    11 |     5 |     9 |     1 |     1 |     8 |    10 ||    51
       Potion            |       |     1 |       |     5 |       |     2 |       |     2 |    18 ||    28
 Stab: Distracted        |       |       |       |       |       |       |     2 |       |       ||     2
Armor: Scale mail        |    34 |    61 |       |       |       |       |       |       |       ||    95
       Chain mail        |       |     2 |    30 |       |       |       |       |       |       ||    32
       Crystal plate arm |       |       |   129 |   339 |   493 |   528 |   519 |   594 |   968 ||  3570
Dodge: Dodged            |    28 |    58 |    56 |    94 |   296 |   257 |   184 |   287 |   431 ||  1691
Block: Buckler           |    12 |     9 |    43 |    77 |   135 |       |       |       |       ||   276
       Tower shield      |       |       |       |       |    86 |  1075 |   855 |  1038 |  1922 ||  4976
       Reflection        |       |       |       |       |       |       |       |       |    59 ||    59

Table legend:
 A = Non-vault XP
 B = Vault XP
 C = Vault XP percentage of total XP
 D = Non-vault monster count
 E = Vault monster count
 F = Vault count percentage of total count
                 A         B        C        D         E       F
            +---------+---------+-------+---------+---------+-------
      Total |  826553 |  840856 |  50.4 |    1629 |    1085 |  40.0
            +---------+---------+-------+---------+---------+-------
        D:1 |      36 |       2 |   5.3 |      20 |       1 |   4.8
        D:2 |     155 |     277 |  64.1 |      21 |      11 |  34.4
        D:3 |      87 |      10 |  10.3 |      18 |       5 |  21.7
        D:4 |     229 |       0 |   0.0 |      12 |       0 |   0.0
        D:5 |    1236 |       0 |   0.0 |      24 |       0 |   0.0
        D:6 |     583 |       0 |   0.0 |       7 |       0 |   0.0
        D:7 |     993 |     157 |  13.7 |      15 |       1 |   6.2
        D:8 |    1216 |     497 |  29.0 |      25 |       3 |  10.7
        D:9 |    2461 |       0 |   0.0 |      13 |       0 |   0.0
       D:10 |    3252 |       0 |   0.0 |      27 |       0 |   0.0
       D:11 |    4129 |    2540 |  38.1 |      14 |       7 |  33.3
       D:12 |    9001 |    1780 |  16.5 |      24 |       1 |   4.0
       D:13 |    5568 |    7426 |  57.1 |      13 |      10 |  43.5
       D:14 |   10303 |       0 |   0.0 |      22 |       0 |   0.0
       D:15 |    9290 |    3247 |  25.9 |      27 |       8 |  22.9
     Lair:1 |     364 |       0 |   0.0 |       1 |       0 |   0.0
     Lair:2 |    9443 |    3814 |  28.8 |      31 |       9 |  22.5
     Lair:3 |    5499 |     656 |  10.7 |      23 |       4 |  14.8
     Lair:4 |    8469 |     287 |   3.3 |      27 |       2 |   6.9
     Lair:5 |   12846 |   18783 |  59.4 |      36 |      62 |  63.3
    Swamp:1 |   16222 |    1493 |   8.4 |      27 |       1 |   3.6
    Swamp:2 |   16375 |       0 |   0.0 |      32 |       0 |   0.0
    Swamp:3 |   10120 |       0 |   0.0 |      19 |       0 |   0.0
    Swamp:4 |   10399 |   17610 |  62.9 |      22 |      30 |  57.7
    Snake:1 |   22156 |    3349 |  13.1 |      43 |       6 |  12.2
    Snake:2 |   22998 |   10363 |  31.1 |      41 |      15 |  26.8
    Snake:3 |   25983 |   15049 |  36.7 |      50 |      25 |  33.3
    Snake:4 |   17530 |   20913 |  54.4 |      42 |      37 |  46.8
      Orc:1 |    2180 |       0 |   0.0 |      17 |       0 |   0.0
      Orc:2 |    3663 |   10304 |  73.8 |      29 |      91 |  75.8
   Vaults:1 |   28691 |   15694 |  35.4 |      44 |      19 |  30.2
   Vaults:2 |   24810 |   25808 |  51.0 |      40 |      29 |  42.0
   Vaults:3 |   26288 |   36211 |  57.9 |      38 |      48 |  55.8
   Vaults:4 |   17695 |   30503 |  63.3 |      26 |      38 |  59.4
   Vaults:5 |   26162 |  104513 |  80.0 |      33 |      93 |  73.8
    Crypt:1 |   21598 |       0 |   0.0 |      34 |       0 |   0.0
    Crypt:2 |   21029 |       0 |   0.0 |      33 |       0 |   0.0
    Crypt:3 |   24771 |   41084 |  62.4 |      34 |      72 |  67.9
     Tomb:1 |   10131 |  116970 |  92.0 |      40 |      86 |  68.3
     Tomb:2 |   10908 |   34747 |  76.1 |      28 |      53 |  65.4
     Tomb:3 |    8265 |   91445 |  91.7 |      24 |     101 |  80.8
   Depths:1 |   44557 |   23770 |  34.8 |      51 |      20 |  28.2
   Depths:2 |   22225 |   30693 |  58.0 |      24 |      32 |  57.1
   Depths:3 |   25975 |   11123 |  30.0 |      30 |      10 |  25.0
   Depths:4 |   19613 |   32833 |  62.6 |      25 |      38 |  60.3
      Zot:1 |   43930 |       0 |   0.0 |      40 |       0 |   0.0
      Zot:2 |   41616 |   34673 |  45.4 |      33 |      32 |  49.2
      Zot:3 |    9330 |   15155 |  61.9 |       8 |      13 |  61.9
      Zot:4 |   24293 |   43735 |  64.3 |      21 |      34 |  61.8
    Abyss:3 |   63047 |    7460 |  10.6 |     140 |       8 |   5.4
        Pan |   78833 |   22898 |  22.5 |     161 |      22 |  12.0
   Gauntlet |       0 |    2984 | 100.0 |       0 |       8 | 100.0
            +---------+---------+-------+---------+---------+-------
